Workbook
Name Age: 'Income Forecast'!#REF!
Name Auto_Loan: Lists!#REF!
Name Birth_Year: Lists!#REF!
Name Business_Loan: Lists!#REF!
Name Current_Year: Lists!$C$4:$C$78
Name Duration: Lists!$B$4:$B$34
Name Increments: Lists!#REF!
Name Interest_rates: Lists!#REF!
Name MISC_expense_duration: Lists!$A$4:$A$43
Name Mortgage: Lists!#REF!
Name Periods_per_year: Lists!$E$4:$E$9
Name Rent: Lists!#REF!
Name Residency_Attendace: Lists!$D$4:$D$5
Name Starting_Salary: Lists!#REF!
Name State_tax: Lists!#REF!
Name Undergrad_debt: Lists!#REF!
Name yaer: 'Income Forecast'!#REF!
Name year: 'Income Forecast'!#REF!
Name Years_of_residency: Lists!$G$4:$G$14
Name Years_till_private_practice: Lists!#REF!

Sheet Income Forecast
B1: How to use this document:
B3: This document is intended to be used as a tool that can help you determine the financial feasibility of attending graduate school. There are gray cells and blue cells. If you hold your mouse over the blue cells, a small description of how to proceed will popup as a note from me. PLEASE READ ALL OF THE BLUE CELLS!!! Basically, the blue cells tell you what to do. The gray cells are the cells that you can edit to change the results of the document. Enjoy! - Bereno
B7: Questions? PM me on SDN or DentalTown.
E10: Debt Financing:
F11: Debt: | G11: Payback Duration: | H11: Int rate: | I11: PMT: | J11: Total Paid: | K11: Total Interest: | L11: Total Principle:
B12: Birth Year: | C12: 1992 | E12: Loan 1 (undergrad): | F12: 0 | G12: 10 | H12: 0.068 | I12: =IF(F12>0,((($H12/$C$25)*(1+($H12/$C$25))^($C$25*$G12))/((1+($H12/$C$25))^($C$25*$G12)-1))*'Student Loan Forecast in school'!G3,0) -> 0 | J12: ='Student Loan Forecast in school'!H26 -> 0 | K12: ='Student Loan Forecast in school'!I26 -> 0 | L12: ='Student Loan Forecast in school'!J26 -> 0
B13: Year starting Grad school: | C13: 2015 | E13: Graduate 1 Debt: | F13: 100000 | G13: 10 | H13: 0.079 | I13: =IF($C$17="yes",IF(F13>0,((($H13/$C$25)*(1+($H13/$C$25))^($C$25*$G13))/((1+($H13/$C$25))^($C$25*$G13)-1))*'Student Loan Forecast in school'!G15,0),IF(F13>0,((($H13/$C$25)*(1+($H13/$C$25))^($C$25*$G13))/((1+($H13/$C$25))^($C$25*$G13)-1))*'Student Loan Forecast in school'!G6,0)) -> 1637.39 | J13: ='Student Loan Forecast in school'!S26 -> 196486.8 | K13: ='Student Loan Forecast in school'!T26 -> 60941.09 | L13: ='Student Loan Forecast in school'!U26 -> 135545.71
B14: Starting Salary: | C14: 120000 | E14: Graduate 2 Debt: | F14: 100000 | G14: 10 | H14: 0.079 | I14: =IF($C$17="yes",IF(F14>0,((($H14/$C$25)*(1+($H14/$C$25))^($C$25*$G14))/((1+($H14/$C$25))^($C$25*$G14)-1))*'Student Loan Forecast in school'!G16,0),IF(F14>0,((($H14/$C$25)*(1+($H14/$C$25))^($C$25*$G14))/((1+($H14/$C$25))^($C$25*$G14)-1))*'Student Loan Forecast in school'!G7,0)) -> 1517.507 | J14: ='Student Loan Forecast in school'!AD26 -> 182100.83 | K14: ='Student Loan Forecast in school'!AE26 -> 56479.231 | L14: ='Student Loan Forecast in school'!AF26 -> 125621.6
B15: Salary Increments: | C15: 0 | E15: Graduate 3 Debt: | F15: 100000 | G15: 10 | H15: 0.079 | I15: =IF($C$17="yes",IF(F15>0,((($H15/$C$25)*(1+($H15/$C$25))^($C$25*$G15))/((1+($H15/$C$25))^($C$25*$G15)-1))*'Student Loan Forecast in school'!G17,0),IF(F15>0,((($H15/$C$25)*(1+($H15/$C$25))^($C$25*$G15))/((1+($H15/$C$25))^($C$25*$G15)-1))*'Student Loan Forecast in school'!G8,0)) -> 1406.4013 | J15: ='Student Loan Forecast in school'!AO26 -> 168768.15 | K15: ='Student Loan Forecast in school'!AP26 -> 52344.051 | L15: ='Student Loan Forecast in school'!AQ26 -> 116424.1
B16: Years in Grad School: | C16: 4 | E16: Graduate 4 Debt: | F16: 100000 | G16: 10 | H16: 0.079 | I16: =IF($C$17="yes",IF(F16>0,((($H16/$C$25)*(1+($H16/$C$25))^($C$25*$G16))/((1+($H16/$C$25))^($C$25*$G16)-1))*'Student Loan Forecast in school'!G18,0),IF(F16>0,((($H16/$C$25)*(1+($H16/$C$25))^($C$25*$G16))/((1+($H16/$C$25))^($C$25*$G16)-1))*'Student Loan Forecast in school'!G9,0)) -> 1303.4303 | J16: ='Student Loan Forecast in school'!AZ26 -> 156411.63 | K16: ='Student Loan Forecast in school'!BA26 -> 48511.632 | L16: ='Student Loan Forecast in school'!BB26 -> 107900
B17: Residency: | C17: No | E17: Graduate 5 Debt: | F17: 0 | G17: NA | H17: 0.079 | I17: =IF($C$17="yes",IF(F17>0,((($H17/$C$25)*(1+($H17/$C$25))^($C$25*$G17))/((1+($H17/$C$25))^($C$25*$G17)-1))*'Student Loan Forecast in school'!G19,0),IF(F17>0,((($H17/$C$25)*(1+($H17/$C$25))^($C$25*$G17))/((1+($H17/$C$25))^($C$25*$G17)-1))*'Student Loan Forecast in school'!G10,0)) -> 0 | J17: ='Student Loan Forecast in school'!BK26 -> 0 | K17: ='Student Loan Forecast in school'!BL26 -> 0 | L17: ='Student Loan Forecast in school'!BM26 -> 0
B18: Years in Residency: | C18: 0 | E18: Graduate 6 Debt: | F18: 0 | G18: NA | H18: 0.079 | I18: =IF($C$17="yes",IF(F18>0,((($H18/$C$25)*(1+($H18/$C$25))^($C$25*$G18))/((1+($H18/$C$25))^($C$25*$G18)-1))*'Student Loan Forecast in school'!G20,0),IF(F18>0,((($H18/$C$25)*(1+($H18/$C$25))^($C$25*$G18))/((1+($H18/$C$25))^($C$25*$G18)-1))*'Student Loan Forecast in school'!G11,0)) -> 0 | J18: ='Student Loan Forecast in school'!BV26 -> 0 | K18: ='Student Loan Forecast in school'!BW26 -> 0 | L18: ='Student Loan Forecast in school'!BX26 -> 0
B19: Years From Start of Work till Purchase House: | C19: 40 | E19: Mortgage: | F19: 0 | G19: 25 | H19: 0.05 | I19: =IF(F19=0,0,(((($H19/$C$25)*(1+($H19/$C$25))^($C$25*$G19))/((1+($H19/$C$25))^($C$25*$G19)-1))*$F19)) -> 0 | J19: ='Mortgage Forecast'!H7 -> 0 | K19: ='Mortgage Forecast'!I7 -> 0 | L19: ='Mortgage Forecast'!J7 -> 0
E20: Business Loan: | F20: 0 | G20: 25 | H20: 0.05 | I20: =IF(F20=0,0,(((($H20/$C$25)*(1+($H20/$C$25))^($C$25*$G20))/((1+($H20/$C$25))^($C$25*$G20)-1))*$F20)) -> 0 | J20: ='Business Loan Forecast'!H7 -> 0 | K20: ='Business Loan Forecast'!I7 -> 0 | L20: ='Business Loan Forecast'!J7 -> 0
B21: Years From Start of Work till Purchase Practice: | C21: 40 | E21: Auto Loan: | F21: 0 | G21: 3 | H21: 0.05 | I21: =IF(F21=0,0,(((($H21/$C$25)*(1+($H21/$C$25))^($C$25*$G21))/((1+($H21/$C$25))^($C$25*$G21)-1))*$F21)) -> 0 | J21: ='Auto Loan Forcast'!H7 -> 0 | K21: ='Auto Loan Forcast'!I7 -> 0 | L21: ='Auto Loan Forcast'!J7 -> 0
E22: TOTAL DEBT: | F22: =SUM(F12:F21) -> 400000 | G22: NA | H22: NA | I22: =SUM(I12:I21) -> 5864.7285 | J22: =SUM(J12:J21) -> 703767.42 | K22: =SUM(K12:K21) -> 218276 | L22: =SUM(L12:L21) -> 485491.41
B23: Auxiliary Tax Rate: | C23: 0.05
B24: Married: | C24: No | E24: Monthly expenses:
B25: Periods per year: | C25: 12 | D25: =IF(C25=1,Lists!F4,IF(C25=2,Lists!F5,IF(C25=6,Lists!F6,IF(C25=12,Lists!F7,IF(C25=24,Lists!F8,IF(C25=26,Lists!F9,IF(C25=52,Lists!#REF!,0))))))) -> (Monthly) | F25: Debt: | G25: Payback Duration: | H25: Int rate: | I25: PMT:
E26: Rent: | F26: NA | G26: =C19 -> 40 | H26: NA | I26: 0 | J26: <-------
E27: MISC Expenses: | F27: NA | G27: 40 | H27: NA | I27: 0 | J27: <-------
E28: TOTAL: | F28: =F22 -> 400000 | G28: NA | H28: NA | I28: =SUM(I26:I27)+I22 -> 5864.7285
B31: Year: | C31: Years Practicing: | D31: Age: | E31: Annual Income: | F31: Annual Taxes: | G31: After Tax Take Home Per Period: | H31: Estimated Cash Outflow Per Period: | I31: Discretionary Income Per Period: | J31: Annual Discretionary Income:
B33: =IF(C17="Yes",C13+C16+C18,C13+C16) -> 2019 | C33: 0 | D33: =IF(C17="yes",C13-C12+C16+C18,C13-C12+C16) -> 27 | E33: 0 | F33: 0 | G33: =(E33-F33)/$C$25 -> 0 | H33: 0 | I33: 0 | J33: 0
B34: =B33+1 -> 2020 | C34: 1 | D34: =D33+1 -> 28 | E34: =C14 -> 120000 | F34: =Taxes!E10 -> 29341.172 | G34: =(E34-F34)/$C$25 -> 7554.9023 | H34: =IF(C34<=G$12,I$12,0)+IF(C34<=G$13,I$13,0)+IF(C34<=G$14,I$14,0)+IF(C34<=G$15,I$15,0)+IF(C34<=G$16,I$16,0)+IF(C34<=G$17,I$17,0)+IF(C34<=G$18,I$18,0)+IF(C34<=C$19,0,IF(C34<=(G$19+C$19),I$19,0))+IF(C34<=C$21,0,IF(C34<=(G$20+C$21),I$20,0))+IF(C34<=G$21,I$21,0)+IF(C34<=G$26,(I$26*12)/C$25,0)+IF(C34<=G$27,(I$27*12)/C$25,0) -> 5864.7285 | I34: =G34-H34 -> 1690.1738 | J34: =I34*C$25 -> 20282.086
B35: =B34+1 -> 2021 | C35: 2 | D35: =D34+1 -> 29 | E35: =E34+C$15 -> 120000 | F35: =Taxes!E11 -> 29275.17 | G35: =(E35-F35)/$C$25 -> 7560.4025 | H35: =IF(C35<=G$12,I$12,0)+IF(C35<=G$13,I$13,0)+IF(C35<=G$14,I$14,0)+IF(C35<=G$15,I$15,0)+IF(C35<=G$16,I$16,0)+IF(C35<=G$17,I$17,0)+IF(C35<=G$18,I$18,0)+IF(C35<=C$19,0,IF(C35<=(G$19+C$19),I$19,0))+IF(C35<=C$21,0,IF(C35<=(G$20+C$21),I$20,0))+IF(C35<=G$21,I$21,0)+IF(C35<=G$26,(I$26*12)/C$25,0)+IF(C35<=G$27,(I$27*12)/C$25,0) -> 5864.7285 | I35: =G35-H35 -> 1695.674 | J35: =I35*C$25 -> 20348.088
B36: =B35+1 -> 2022 | C36: 3 | D36: =D35+1 -> 30 | E36: =E35+C$15 -> 120000 | F36: =Taxes!E12 -> 29209.168 | G36: =(E36-F36)/$C$25 -> 7565.9027 | H36: =IF(C36<=G$12,I$12,0)+IF(C36<=G$13,I$13,0)+IF(C36<=G$14,I$14,0)+IF(C36<=G$15,I$15,0)+IF(C36<=G$16,I$16,0)+IF(C36<=G$17,I$17,0)+IF(C36<=G$18,I$18,0)+IF(C36<=C$19,0,IF(C36<=(G$19+C$19),I$19,0))+IF(C36<=C$21,0,IF(C36<=(G$20+C$21),I$20,0))+IF(C36<=G$21,I$21,0)+IF(C36<=G$26,(I$26*12)/C$25,0)+IF(C36<=G$27,(I$27*12)/C$25,0) -> 5864.7285 | I36: =G36-H36 -> 1701.1742 | J36: =I36*C$25 -> 20414.09
B37: =B36+1 -> 2023 | C37: 4 | D37: =D36+1 -> 31 | E37: =E36+C$15 -> 120000 | F37: =Taxes!E13 -> 29143.166 | G37: =(E37-F37)/$C$25 -> 7571.4028 | H37: =IF(C37<=G$12,I$12,0)+IF(C37<=G$13,I$13,0)+IF(C37<=G$14,I$14,0)+IF(C37<=G$15,I$15,0)+IF(C37<=G$16,I$16,0)+IF(C37<=G$17,I$17,0)+IF(C37<=G$18,I$18,0)+IF(C37<=C$19,0,IF(C37<=(G$19+C$19),I$19,0))+IF(C37<=C$21,0,IF(C37<=(G$20+C$21),I$20,0))+IF(C37<=G$21,I$21,0)+IF(C37<=G$26,(I$26*12)/C$25,0)+IF(C37<=G$27,(I$27*12)/C$25,0) -> 5864.7285 | I37: =G37-H37 -> 1706.6744 | J37: =I37*C$25 -> 20480.092
B38: =B37+1 -> 2024 | C38: 5 | D38: =D37+1 -> 32 | E38: =E37+C$15 -> 120000 | F38: =Taxes!E14 -> 29077.164 | G38: =(E38-F38)/$C$25 -> 7576.903 | H38: =IF(C38<=G$12,I$12,0)+IF(C38<=G$13,I$13,0)+IF(C38<=G$14,I$14,0)+IF(C38<=G$15,I$15,0)+IF(C38<=G$16,I$16,0)+IF(C38<=G$17,I$17,0)+IF(C38<=G$18,I$18,0)+IF(C38<=C$19,0,IF(C38<=(G$19+C$19),I$19,0))+IF(C38<=C$21,0,IF(C38<=(G$20+C$21),I$20,0))+IF(C38<=G$21,I$21,0)+IF(C38<=G$26,(I$26*12)/C$25,0)+IF(C38<=G$27,(I$27*12)/C$25,0) -> 5864.7285 | I38: =G38-H38 -> 1712.1745 | J38: =I38*C$25 -> 20546.094
B39: =B38+1 -> 2025 | C39: 6 | D39: =D38+1 -> 33 | E39: =E38+C$15 -> 120000 | F39: =Taxes!E15 -> 29011.162 | G39: =(E39-F39)/$C$25 -> 7582.4032 | H39: =IF(C39<=G$12,I$12,0)+IF(C39<=G$13,I$13,0)+IF(C39<=G$14,I$14,0)+IF(C39<=G$15,I$15,0)+IF(C39<=G$16,I$16,0)+IF(C39<=G$17,I$17,0)+IF(C39<=G$18,I$18,0)+IF(C39<=C$19,0,IF(C39<=(G$19+C$19),I$19,0))+IF(C39<=C$21,0,IF(C39<=(G$20+C$21),I$20,0))+IF(C39<=G$21,I$21,0)+IF(C39<=G$26,(I$26*12)/C$25,0)+IF(C39<=G$27,(I$27*12)/C$25,0) -> 5864.7285 | I39: =G39-H39 -> 1717.6747 | J39: =I39*C$25 -> 20612.097
B40: =B39+1 -> 2026 | C40: 7 | D40: =D39+1 -> 34 | E40: =E39+C$15 -> 120000 | F40: =Taxes!E16 -> 28945.16 | G40: =(E40-F40)/$C$25 -> 7587.9034 | H40: =IF(C40<=G$12,I$12,0)+IF(C40<=G$13,I$13,0)+IF(C40<=G$14,I$14,0)+IF(C40<=G$15,I$15,0)+IF(C40<=G$16,I$16,0)+IF(C40<=G$17,I$17,0)+IF(C40<=G$18,I$18,0)+IF(C40<=C$19,0,IF(C40<=(G$19+C$19),I$19,0))+IF(C40<=C$21,0,IF(C40<=(G$20+C$21),I$20,0))+IF(C40<=G$21,I$21,0)+IF(C40<=G$26,(I$26*12)/C$25,0)+IF(C40<=G$27,(I$27*12)/C$25,0) -> 5864.7285 | I40: =G40-H40 -> 1723.1749 | J40: =I40*C$25 -> 20678.099
B41: =B40+1 -> 2027 | C41: 8 | D41: =D40+1 -> 35 | E41: =E40+C$15 -> 120000 | F41: =Taxes!E17 -> 28879.158 | G41: =(E41-F41)/$C$25 -> 7593.4035 | H41: =IF(C41<=G$12,I$12,0)+IF(C41<=G$13,I$13,0)+IF(C41<=G$14,I$14,0)+IF(C41<=G$15,I$15,0)+IF(C41<=G$16,I$16,0)+IF(C41<=G$17,I$17,0)+IF(C41<=G$18,I$18,0)+IF(C41<=C$19,0,IF(C41<=(G$19+C$19),I$19,0))+IF(C41<=C$21,0,IF(C41<=(G$20+C$21),I$20,0))+IF(C41<=G$21,I$21,0)+IF(C41<=G$26,(I$26*12)/C$25,0)+IF(C41<=G$27,(I$27*12)/C$25,0) -> 5864.7285 | I41: =G41-H41 -> 1728.6751 | J41: =I41*C$25 -> 20744.101
B42: =B41+1 -> 2028 | C42: 9 | D42: =D41+1 -> 36 | E42: =E41+C$15 -> 120000 | F42: =Taxes!E18 -> 28813.156 | G42: =(E42-F42)/$C$25 -> 7598.9037 | H42: =IF(C42<=G$12,I$12,0)+IF(C42<=G$13,I$13,0)+IF(C42<=G$14,I$14,0)+IF(C42<=G$15,I$15,0)+IF(C42<=G$16,I$16,0)+IF(C42<=G$17,I$17,0)+IF(C42<=G$18,I$18,0)+IF(C42<=C$19,0,IF(C42<=(G$19+C$19),I$19,0))+IF(C42<=C$21,0,IF(C42<=(G$20+C$21),I$20,0))+IF(C42<=G$21,I$21,0)+IF(C42<=G$26,(I$26*12)/C$25,0)+IF(C42<=G$27,(I$27*12)/C$25,0) -> 5864.7285 | I42: =G42-H42 -> 1734.1752 | J42: =I42*C$25 -> 20810.103
B43: =B42+1 -> 2029 | C43: 10 | D43: =D42+1 -> 37 | E43: =E42+C$15 -> 120000 | F43: =Taxes!E19 -> 28747.154 | G43: =(E43-F43)/$C$25 -> 7604.4039 | H43: =IF(C43<=G$12,I$12,0)+IF(C43<=G$13,I$13,0)+IF(C43<=G$14,I$14,0)+IF(C43<=G$15,I$15,0)+IF(C43<=G$16,I$16,0)+IF(C43<=G$17,I$17,0)+IF(C43<=G$18,I$18,0)+IF(C43<=C$19,0,IF(C43<=(G$19+C$19),I$19,0))+IF(C43<=C$21,0,IF(C43<=(G$20+C$21),I$20,0))+IF(C43<=G$21,I$21,0)+IF(C43<=G$26,(I$26*12)/C$25,0)+IF(C43<=G$27,(I$27*12)/C$25,0) -> 5864.7285 | I43: =G43-H43 -> 1739.6754 | J43: =I43*C$25 -> 20876.105
A44: "Gray Zone" | B44: =B43+1 -> 2030 | C44: 11 | D44: =D43+1 -> 38 | E44: =E43+C$15 -> 120000 | F44: =Taxes!E20 -> 28681.151 | G44: =(E44-F44)/$C$25 -> 7609.904 | H44: =IF(C44<=G$12,I$12,0)+IF(C44<=G$13,I$13,0)+IF(C44<=G$14,I$14,0)+IF(C44<=G$15,I$15,0)+IF(C44<=G$16,I$16,0)+IF(C44<=G$17,I$17,0)+IF(C44<=G$18,I$18,0)+IF(C44<=C$19,0,IF(C44<=(G$19+C$19),I$19,0))+IF(C44<=C$21,0,IF(C44<=(G$20+C$21),I$20,0))+IF(C44<=G$21,I$21,0)+IF(C44<=G$26,(I$26*12)/C$25,0)+IF(C44<=G$27,(I$27*12)/C$25,0) -> 0 | I44: =G44-H44 -> 7609.904 | J44: =I44*C$25 -> 91318.849
B45: =B44+1 -> 2031 | C45: 12 | D45: =D44+1 -> 39 | E45: =E44+C$15 -> 120000 | F45: =Taxes!E21 -> 28615.149 | G45: =(E45-F45)/$C$25 -> 7615.4042 | H45: =IF(C45<=G$12,I$12,0)+IF(C45<=G$13,I$13,0)+IF(C45<=G$14,I$14,0)+IF(C45<=G$15,I$15,0)+IF(C45<=G$16,I$16,0)+IF(C45<=G$17,I$17,0)+IF(C45<=G$18,I$18,0)+IF(C45<=C$19,0,IF(C45<=(G$19+C$19),I$19,0))+IF(C45<=C$21,0,IF(C45<=(G$20+C$21),I$20,0))+IF(C45<=G$21,I$21,0)+IF(C45<=G$26,(I$26*12)/C$25,0)+IF(C45<=G$27,(I$27*12)/C$25,0) -> 0 | I45: =G45-H45 -> 7615.4042 | J45: =I45*C$25 -> 91384.851
B46: =B45+1 -> 2032 | C46: 13 | D46: =D45+1 -> 40 | E46: =E45+C$15 -> 120000 | F46: =Taxes!E22 -> 28549.147 | G46: =(E46-F46)/$C$25 -> 7620.9044 | H46: =IF(C46<=G$12,I$12,0)+IF(C46<=G$13,I$13,0)+IF(C46<=G$14,I$14,0)+IF(C46<=G$15,I$15,0)+IF(C46<=G$16,I$16,0)+IF(C46<=G$17,I$17,0)+IF(C46<=G$18,I$18,0)+IF(C46<=C$19,0,IF(C46<=(G$19+C$19),I$19,0))+IF(C46<=C$21,0,IF(C46<=(G$20+C$21),I$20,0))+IF(C46<=G$21,I$21,0)+IF(C46<=G$26,(I$26*12)/C$25,0)+IF(C46<=G$27,(I$27*12)/C$25,0) -> 0 | I46: =G46-H46 -> 7620.9044 | J46: =I46*C$25 -> 91450.853
B47: =B46+1 -> 2033 | C47: 14 | D47: =D46+1 -> 41 | E47: =E46+C$15 -> 120000 | F47: =Taxes!E23 -> 28483.145 | G47: =(E47-F47)/$C$25 -> 7626.4046 | H47: =IF(C47<=G$12,I$12,0)+IF(C47<=G$13,I$13,0)+IF(C47<=G$14,I$14,0)+IF(C47<=G$15,I$15,0)+IF(C47<=G$16,I$16,0)+IF(C47<=G$17,I$17,0)+IF(C47<=G$18,I$18,0)+IF(C47<=C$19,0,IF(C47<=(G$19+C$19),I$19,0))+IF(C47<=C$21,0,IF(C47<=(G$20+C$21),I$20,0))+IF(C47<=G$21,I$21,0)+IF(C47<=G$26,(I$26*12)/C$25,0)+IF(C47<=G$27,(I$27*12)/C$25,0) -> 0 | I47: =G47-H47 -> 7626.4046 | J47: =I47*C$25 -> 91516.855
B48: =B47+1 -> 2034 | C48: 15 | D48: =D47+1 -> 42 | E48: =E47+C$15 -> 120000 | F48: =Taxes!E24 -> 28417.143 | G48: =(E48-F48)/$C$25 -> 7631.9047 | H48: =IF(C48<=G$12,I$12,0)+IF(C48<=G$13,I$13,0)+IF(C48<=G$14,I$14,0)+IF(C48<=G$15,I$15,0)+IF(C48<=G$16,I$16,0)+IF(C48<=G$17,I$17,0)+IF(C48<=G$18,I$18,0)+IF(C48<=C$19,0,IF(C48<=(G$19+C$19),I$19,0))+IF(C48<=C$21,0,IF(C48<=(G$20+C$21),I$20,0))+IF(C48<=G$21,I$21,0)+IF(C48<=G$26,(I$26*12)/C$25,0)+IF(C48<=G$27,(I$27*12)/C$25,0) -> 0 | I48: =G48-H48 -> 7631.9047 | J48: =I48*C$25 -> 91582.857
B49: =B48+1 -> 2035 | C49: 16 | D49: =D48+1 -> 43 | E49: =E48+C$15 -> 120000 | F49: =Taxes!E25 -> 28351.141 | G49: =(E49-F49)/$C$25 -> 7637.4049 | H49: =IF(C49<=G$12,I$12,0)+IF(C49<=G$13,I$13,0)+IF(C49<=G$14,I$14,0)+IF(C49<=G$15,I$15,0)+IF(C49<=G$16,I$16,0)+IF(C49<=G$17,I$17,0)+IF(C49<=G$18,I$18,0)+IF(C49<=C$19,0,IF(C49<=(G$19+C$19),I$19,0))+IF(C49<=C$21,0,IF(C49<=(G$20+C$21),I$20,0))+IF(C49<=G$21,I$21,0)+IF(C49<=G$26,(I$26*12)/C$25,0)+IF(C49<=G$27,(I$27*12)/C$25,0) -> 0 | I49: =G49-H49 -> 7637.4049 | J49: =I49*C$25 -> 91648.859
B50: =B49+1 -> 2036 | C50: 17 | D50: =D49+1 -> 44 | E50: =E49+C$15 -> 120000 | F50: =Taxes!E26 -> 28285.139 | G50: =(E50-F50)/$C$25 -> 7642.9051 | H50: =IF(C50<=G$12,I$12,0)+IF(C50<=G$13,I$13,0)+IF(C50<=G$14,I$14,0)+IF(C50<=G$15,I$15,0)+IF(C50<=G$16,I$16,0)+IF(C50<=G$17,I$17,0)+IF(C50<=G$18,I$18,0)+IF(C50<=C$19,0,IF(C50<=(G$19+C$19),I$19,0))+IF(C50<=C$21,0,IF(C50<=(G$20+C$21),I$20,0))+IF(C50<=G$21,I$21,0)+IF(C50<=G$26,(I$26*12)/C$25,0)+IF(C50<=G$27,(I$27*12)/C$25,0) -> 0 | I50: =G50-H50 -> 7642.9051 | J50: =I50*C$25 -> 91714.861
B51: =B50+1 -> 2037 | C51: 18 | D51: =D50+1 -> 45 | E51: =E50+C$15 -> 120000 | F51: =Taxes!E27 -> 28219.137 | G51: =(E51-F51)/$C$25 -> 7648.4053 | H51: =IF(C51<=G$12,I$12,0)+IF(C51<=G$13,I$13,0)+IF(C51<=G$14,I$14,0)+IF(C51<=G$15,I$15,0)+IF(C51<=G$16,I$16,0)+IF(C51<=G$17,I$17,0)+IF(C51<=G$18,I$18,0)+IF(C51<=C$19,0,IF(C51<=(G$19+C$19),I$19,0))+IF(C51<=C$21,0,IF(C51<=(G$20+C$21),I$20,0))+IF(C51<=G$21,I$21,0)+IF(C51<=G$26,(I$26*12)/C$25,0)+IF(C51<=G$27,(I$27*12)/C$25,0) -> 0 | I51: =G51-H51 -> 7648.4053 | J51: =I51*C$25 -> 91780.863
B52: =B51+1 -> 2038 | C52: 19 | D52: =D51+1 -> 46 | E52: =E51+C$15 -> 120000 | F52: =Taxes!E28 -> 28153.135 | G52: =(E52-F52)/$C$25 -> 7653.9054 | H52: =IF(C52<=G$12,I$12,0)+IF(C52<=G$13,I$13,0)+IF(C52<=G$14,I$14,0)+IF(C52<=G$15,I$15,0)+IF(C52<=G$16,I$16,0)+IF(C52<=G$17,I$17,0)+IF(C52<=G$18,I$18,0)+IF(C52<=C$19,0,IF(C52<=(G$19+C$19),I$19,0))+IF(C52<=C$21,0,IF(C52<=(G$20+C$21),I$20,0))+IF(C52<=G$21,I$21,0)+IF(C52<=G$26,(I$26*12)/C$25,0)+IF(C52<=G$27,(I$27*12)/C$25,0) -> 0 | I52: =G52-H52 -> 7653.9054 | J52: =I52*C$25 -> 91846.865
B53: =B52+1 -> 2039 | C53: 20 | D53: =D52+1 -> 47 | E53: =E52+C$15 -> 120000 | F53: =Taxes!E29 -> 28087.133 | G53: =(E53-F53)/$C$25 -> 7659.4056 | H53: =IF(C53<=G$12,I$12,0)+IF(C53<=G$13,I$13,0)+IF(C53<=G$14,I$14,0)+IF(C53<=G$15,I$15,0)+IF(C53<=G$16,I$16,0)+IF(C53<=G$17,I$17,0)+IF(C53<=G$18,I$18,0)+IF(C53<=C$19,0,IF(C53<=(G$19+C$19),I$19,0))+IF(C53<=C$21,0,IF(C53<=(G$20+C$21),I$20,0))+IF(C53<=G$21,I$21,0)+IF(C53<=G$26,(I$26*12)/C$25,0)+IF(C53<=G$27,(I$27*12)/C$25,0) -> 0 | I53: =G53-H53 -> 7659.4056 | J53: =I53*C$25 -> 91912.867
B54: =B53+1 -> 2040 | C54: 21 | D54: =D53+1 -> 48 | E54: =E53+C$15 -> 120000 | F54: =Taxes!E30 -> 28021.131 | G54: =(E54-F54)/$C$25 -> 7664.9058 | H54: =IF(C54<=G$12,I$12,0)+IF(C54<=G$13,I$13,0)+IF(C54<=G$14,I$14,0)+IF(C54<=G$15,I$15,0)+IF(C54<=G$16,I$16,0)+IF(C54<=G$17,I$17,0)+IF(C54<=G$18,I$18,0)+IF(C54<=C$19,0,IF(C54<=(G$19+C$19),I$19,0))+IF(C54<=C$21,0,IF(C54<=(G$20+C$21),I$20,0))+IF(C54<=G$21,I$21,0)+IF(C54<=G$26,(I$26*12)/C$25,0)+IF(C54<=G$27,(I$27*12)/C$25,0) -> 0 | I54: =G54-H54 -> 7664.9058 | J54: =I54*C$25 -> 91978.869
B55: =B54+1 -> 2041 | C55: 22 | D55: =D54+1 -> 49 | E55: =E54+C$15 -> 120000 | F55: =Taxes!E31 -> 27955.129 | G55: =(E55-F55)/$C$25 -> 7670.4059 | H55: =IF(C55<=G$12,I$12,0)+IF(C55<=G$13,I$13,0)+IF(C55<=G$14,I$14,0)+IF(C55<=G$15,I$15,0)+IF(C55<=G$16,I$16,0)+IF(C55<=G$17,I$17,0)+IF(C55<=G$18,I$18,0)+IF(C55<=C$19,0,IF(C55<=(G$19+C$19),I$19,0))+IF(C55<=C$21,0,IF(C55<=(G$20+C$21),I$20,0))+IF(C55<=G$21,I$21,0)+IF(C55<=G$26,(I$26*12)/C$25,0)+IF(C55<=G$27,(I$27*12)/C$25,0) -> 0 | I55: =G55-H55 -> 7670.4059 | J55: =I55*C$25 -> 92044.871
B56: =B55+1 -> 2042 | C56: 23 | D56: =D55+1 -> 50 | E56: =E55+C$15 -> 120000 | F56: =Taxes!E32 -> 27889.127 | G56: =(E56-F56)/$C$25 -> 7675.9061 | H56: =IF(C56<=G$12,I$12,0)+IF(C56<=G$13,I$13,0)+IF(C56<=G$14,I$14,0)+IF(C56<=G$15,I$15,0)+IF(C56<=G$16,I$16,0)+IF(C56<=G$17,I$17,0)+IF(C56<=G$18,I$18,0)+IF(C56<=C$19,0,IF(C56<=(G$19+C$19),I$19,0))+IF(C56<=C$21,0,IF(C56<=(G$20+C$21),I$20,0))+IF(C56<=G$21,I$21,0)+IF(C56<=G$26,(I$26*12)/C$25,0)+IF(C56<=G$27,(I$27*12)/C$25,0) -> 0 | I56: =G56-H56 -> 7675.9061 | J56: =I56*C$25 -> 92110.873
... B73: =B72+1 -> 2059 | C73: 40 | D73: =D72+1 -> 67 | E73: =E72+C$15 -> 120000 | F73: =Taxes!E49 -> 26767.091 | G73: =(E73-F73)/$C$25 -> 7769.409 | H73: =IF(C73<=G$12,I$12,0)+IF(C73<=G$13,I$13,0)+IF(C73<=G$14,I$14,0)+IF(C73<=G$15,I$15,0)+IF(C73<=G$16,I$16,0)+IF(C73<=G$17,I$17,0)+IF(C73<=G$18,I$18,0)+IF(C73<=C$19,0,IF(C73<=(G$19+C$19),I$19,0))+IF(C73<=C$21,0,IF(C73<=(G$20+C$21),I$20,0))+IF(C73<=G$21,I$21,0)+IF(C73<=G$26,(I$26*12)/C$25,0)+IF(C73<=G$27,(I$27*12)/C$25,0) -> 0 | I73: =G73-H73 -> 7769.409 | J73: =I73*C$25 -> 93232.909

Sheet Taxes
E2: Income Level: | F2: < $8,700 | G2: $8,700 < $35,350 | H2: $35,350 < $85,650 | I2: $85,650 < $178,650 | J2: $178,650 < $388,350 | K2: $388,351 +
N3: Historical personal exemptions: | Q3: Historical Standard Deductions:
F4: 0.1 | G4: 0.15 | H4: 0.25 | I4: 0.28 | J4: 0.33 | K4: 0.35
F5: 8700 | G5: 35350 | H5: 85650 | I5: 178650 | J5: 388350 | K5: 10000000 | N5: Year: | O5: Exemption: | Q5: Year: | R5: Single: | S5: Married:
B6: Married: | C6: ='Income Forecast'!C24 -> No | E6: Bracket PMT | F6: =F5*F4 -> 870 | G6: =(G5-F5)*G4 -> 3997.5 | H6: =(H5-G5)*H4 -> 12575 | I6: =(I5-H5)*I4 -> 26040 | J6: =(J5-I5)*J4 -> 69201 | K6: =(K5-J5)*K4 -> 3364077.5 | N6: 2012 | O6: 3800 | Q6: 2012 | R6: 5950 | S6: 11900
E7: Total | F7: =F6 -> 870 | G7: =F7+G6 -> 4867.5 | H7: =G7+H6 -> 17442.5 | I7: =H7+I6 -> 43482.5 | J7: =I7+J6 -> 112683.5 | K7: =J7+K6 -> 3476761 | N7: 2011 | O7: 3700 | Q7: 2011 | R7: 5800 | S7: 11600
A8: Year: | B8: Standard Deduction: | C8: Personal Exemption: | D8: Taxable Salary: | L8: Auxiliary Tax: | N8: 2010 | O8: 3650 | Q8: 2010 | R8: 5700 | S8: 11400
E9: Tax: | L9: ='Income Forecast'!C23 -> 0.05 | N9: 2009 | O9: 3650 | Q9: 2009 | R9: 5700 | S9: 11400
A10: ='Income Forecast'!B34 -> 2020 | B10: =IF($C$6="yes",A10*$S$50+$S$51,A10*$R$50+$R$51) -> 6785.0861 | C10: =A10*$O$21+$O$22 -> 4485.6044 | D10: ='Income Forecast'!E34-$B10-$C10 -> 108729.31 | E10: =SUM(F10:L10) -> 29341.172 | G10: =IF(AND($D10>F$5,$D10<=G$5),($D10-F$5)*G$4+F$7,0) -> 0 | H10: =IF(AND($D10>G$5,$D10<=H$5),($D10-G$5)*H$4+G$7,0) -> 0 | I10: =IF(AND($D10>H$5,$D10<=I$5),($D10-H$5)*I$4+H$7,0) -> 23904.707 | J10: =IF(AND($D10>I$5,$D10<=J$5),($D10-I$5)*J$4+I$7,0) -> 0 | K10: =IF(AND($D10>J$5,$D10<=K$5),($D10-J$5)*K$4+J$7,0) -> 0 | L10: =D10*$L$9 -> 5436.4655 | N10: 2008 | O10: 3500 | Q10: 2008 | R10: 5450 | S10: 10900
A11: ='Income Forecast'!B35 -> 2021 | B11: =IF($C$6="yes",A11*$S$50+$S$51,A11*$R$50+$R$51) -> 6901.3561 | C11: =A11*$O$21+$O$22 -> 4569.3407 | D11: ='Income Forecast'!E35-$B11-$C11 -> 108529.3 | E11: =SUM(F11:L11) -> 29275.17 | G11: =IF(AND($D11>F$5,$D11<=G$5),($D11-F$5)*G$4+F$7,0) -> 0 | H11: =IF(AND($D11>G$5,$D11<=H$5),($D11-G$5)*H$4+G$7,0) -> 0 | I11: =IF(AND($D11>H$5,$D11<=I$5),($D11-H$5)*I$4+H$7,0) -> 23848.705 | J11: =IF(AND($D11>I$5,$D11<=J$5),($D11-I$5)*J$4+I$7,0) -> 0 | K11: =IF(AND($D11>J$5,$D11<=K$5),($D11-J$5)*K$4+J$7,0) -> 0 | L11: =D11*$L$9 -> 5426.4652 | N11: 2007 | O11: 3400 | Q11: 2007 | R11: 5350 | S11: 10700
A12: ='Income Forecast'!B36 -> 2022 | B12: =IF($C$6="yes",A12*$S$50+$S$51,A12*$R$50+$R$51) -> 7017.6261 | C12: =A12*$O$21+$O$22 -> 4653.0769 | D12: ='Income Forecast'!E36-$B12-$C12 -> 108329.3 | E12: =SUM(F12:L12) -> 29209.168 | G12: =IF(AND($D12>F$5,$D12<=G$5),($D12-F$5)*G$4+F$7,0) -> 0 | H12: =IF(AND($D12>G$5,$D12<=H$5),($D12-G$5)*H$4+G$7,0) -> 0 | I12: =IF(AND($D12>H$5,$D12<=I$5),($D12-H$5)*I$4+H$7,0) -> 23792.703 | J12: =IF(AND($D12>I$5,$D12<=J$5),($D12-I$5)*J$4+I$7,0) -> 0 | K12: =IF(AND($D12>J$5,$D12<=K$5),($D12-J$5)*K$4+J$7,0) -> 0 | L12: =D12*$L$9 -> 5416.4648 | N12: 2006 | O12: 3300 | Q12: 2006 | R12: 5150 | S12: 10300
A13: ='Income Forecast'!B37 -> 2023 | B13: =IF($C$6="yes",A13*$S$50+$S$51,A13*$R$50+$R$51) -> 7133.8961 | C13: =A13*$O$21+$O$22 -> 4736.8132 | D13: ='Income Forecast'!E37-$B13-$C13 -> 108129.29 | E13: =SUM(F13:L13) -> 29143.166 | G13: =IF(AND($D13>F$5,$D13<=G$5),($D13-F$5)*G$4+F$7,0) -> 0 | H13: =IF(AND($D13>G$5,$D13<=H$5),($D13-G$5)*H$4+G$7,0) -> 0 | I13: =IF(AND($D13>H$5,$D13<=I$5),($D13-H$5)*I$4+H$7,0) -> 23736.701 | J13: =IF(AND($D13>I$5,$D13<=J$5),($D13-I$5)*J$4+I$7,0) -> 0 | K13: =IF(AND($D13>J$5,$D13<=K$5),($D13-J$5)*K$4+J$7,0) -> 0 | L13: =D13*$L$9 -> 5406.4645 | N13: 2005 | O13: 3200 | Q13: 2005 | R13: 5000 | S13: 10000
A14: ='Income Forecast'!B38 -> 2024 | B14: =IF($C$6="yes",A14*$S$50+$S$51,A14*$R$50+$R$51) -> 7250.1661 | C14: =A14*$O$21+$O$22 -> 4820.5495 | D14: ='Income Forecast'!E38-$B14-$C14 -> 107929.28 | E14: =SUM(F14:L14) -> 29077.164 | G14: =IF(AND($D14>F$5,$D14<=G$5),($D14-F$5)*G$4+F$7,0) -> 0 | H14: =IF(AND($D14>G$5,$D14<=H$5),($D14-G$5)*H$4+G$7,0) -> 0 | I14: =IF(AND($D14>H$5,$D14<=I$5),($D14-H$5)*I$4+H$7,0) -> 23680.7 | J14: =IF(AND($D14>I$5,$D14<=J$5),($D14-I$5)*J$4+I$7,0) -> 0 | K14: =IF(AND($D14>J$5,$D14<=K$5),($D14-J$5)*K$4+J$7,0) -> 0 | L14: =D14*$L$9 -> 5396.4642 | N14: 2004 | O14: 3100 | Q14: 2004 | R14: 4850 | S14: 9700
A15: ='Income Forecast'!B39 -> 2025 | B15: =IF($C$6="yes",A15*$S$50+$S$51,A15*$R$50+$R$51) -> 7366.4361 | C15: =A15*$O$21+$O$22 -> 4904.2857 | D15: ='Income Forecast'!E39-$B15-$C15 -> 107729.28 | E15: =SUM(F15:L15) -> 29011.162 | G15: =IF(AND($D15>F$5,$D15<=G$5),($D15-F$5)*G$4+F$7,0) -> 0 | H15: =IF(AND($D15>G$5,$D15<=H$5),($D15-G$5)*H$4+G$7,0) -> 0 | I15: =IF(AND($D15>H$5,$D15<=I$5),($D15-H$5)*I$4+H$7,0) -> 23624.698 | J15: =IF(AND($D15>I$5,$D15<=J$5),($D15-I$5)*J$4+I$7,0) -> 0 | K15: =IF(AND($D15>J$5,$D15<=K$5),($D15-J$5)*K$4+J$7,0) -> 0 | L15: =D15*$L$9 -> 5386.4639 | N15: 2003 | O15: 3050 | Q15: 2003 | R15: 4750 | S15: 9500
A16: ='Income Forecast'!B40 -> 2026 | B16: =IF($C$6="yes",A16*$S$50+$S$51,A16*$R$50+$R$51) -> 7482.7061 | C16: =A16*$O$21+$O$22 -> 4988.022 | D16: ='Income Forecast'!E40-$B16-$C16 -> 107529.27 | E16: =SUM(F16:L16) -> 28945.16 | G16: =IF(AND($D16>F$5,$D16<=G$5),($D16-F$5)*G$4+F$7,0) -> 0 | H16: =IF(AND($D16>G$5,$D16<=H$5),($D16-G$5)*H$4+G$7,0) -> 0 | I16: =IF(AND($D16>H$5,$D16<=I$5),($D16-H$5)*I$4+H$7,0) -> 23568.696 | J16: =IF(AND($D16>I$5,$D16<=J$5),($D16-I$5)*J$4+I$7,0) -> 0 | K16: =IF(AND($D16>J$5,$D16<=K$5),($D16-J$5)*K$4+J$7,0) -> 0 | L16: =D16*$L$9 -> 5376.4636 | N16: 2002 | O16: 3000 | Q16: 2002 | R16: 4700 | S16: 7850
A17: ='Income Forecast'!B41 -> 2027 | B17: =IF($C$6="yes",A17*$S$50+$S$51,A17*$R$50+$R$51) -> 7598.9761 | C17: =A17*$O$21+$O$22 -> 5071.7582 | D17: ='Income Forecast'!E41-$B17-$C17 -> 107329.27 | E17: =SUM(F17:L17) -> 28879.158 | G17: =IF(AND($D17>F$5,$D17<=G$5),($D17-F$5)*G$4+F$7,0) -> 0 | H17: =IF(AND($D17>G$5,$D17<=H$5),($D17-G$5)*H$4+G$7,0) -> 0 | I17: =IF(AND($D17>H$5,$D17<=I$5),($D17-H$5)*I$4+H$7,0) -> 23512.694 | J17: =IF(AND($D17>I$5,$D17<=J$5),($D17-I$5)*J$4+I$7,0) -> 0 | K17: =IF(AND($D17>J$5,$D17<=K$5),($D17-J$5)*K$4+J$7,0) -> 0 | L17: =D17*$L$9 -> 5366.4633 | N17: 2001 | O17: 2900 | Q17: 2001 | R17: 4550 | S17: 7600
A18: ='Income Forecast'!B42 -> 2028 | B18: =IF($C$6="yes",A18*$S$50+$S$51,A18*$R$50+$R$51) -> 7715.2461 | C18: =A18*$O$21+$O$22 -> 5155.4945 | D18: ='Income Forecast'!E42-$B18-$C18 -> 107129.26 | E18: =SUM(F18:L18) -> 28813.156 | G18: =IF(AND($D18>F$5,$D18<=G$5),($D18-F$5)*G$4+F$7,0) -> 0 | H18: =IF(AND($D18>G$5,$D18<=H$5),($D18-G$5)*H$4+G$7,0) -> 0 | I18: =IF(AND($D18>H$5,$D18<=I$5),($D18-H$5)*I$4+H$7,0) -> 23456.693 | J18: =IF(AND($D18>I$5,$D18<=J$5),($D18-I$5)*J$4+I$7,0) -> 0 | K18: =IF(AND($D18>J$5,$D18<=K$5),($D18-J$5)*K$4+J$7,0) -> 0 | L18: =D18*$L$9 -> 5356.463 | N18: 2000 | O18: 2800 | Q18: 2000 | R18: 4400 | S18: 7350
A19: ='Income Forecast'!B43 -> 2029 | B19: =IF($C$6="yes",A19*$S$50+$S$51,A19*$R$50+$R$51) -> 7831.5162 | C19: =A19*$O$21+$O$22 -> 5239.2308 | D19: ='Income Forecast'!E43-$B19-$C19 -> 106929.25 | E19: =SUM(F19:L19) -> 28747.154 | G19: =IF(AND($D19>F$5,$D19<=G$5),($D19-F$5)*G$4+F$7,0) -> 0 | H19: =IF(AND($D19>G$5,$D19<=H$5),($D19-G$5)*H$4+G$7,0) -> 0 | I19: =IF(AND($D19>H$5,$D19<=I$5),($D19-H$5)*I$4+H$7,0) -> 23400.691 | J19: =IF(AND($D19>I$5,$D19<=J$5),($D19-I$5)*J$4+I$7,0) -> 0 | K19: =IF(AND($D19>J$5,$D19<=K$5),($D19-J$5)*K$4+J$7,0) -> 0 | L19: =D19*$L$9 -> 5346.4627 | N19: 1999 | O19: 2750 | Q19: 1999 | R19: 4300 | S19: 7200
A20: ='Income Forecast'!B44 -> 2030 | B20: =IF($C$6="yes",A20*$S$50+$S$51,A20*$R$50+$R$51) -> 7947.7862 | C20: =A20*$O$21+$O$22 -> 5322.967 | D20: ='Income Forecast'!E44-$B20-$C20 -> 106729.25 | E20: =SUM(F20:L20) -> 28681.151 | G20: =IF(AND($D20>F$5,$D20<=G$5),($D20-F$5)*G$4+F$7,0) -> 0 | H20: =IF(AND($D20>G$5,$D20<=H$5),($D20-G$5)*H$4+G$7,0) -> 0 | I20: =IF(AND($D20>H$5,$D20<=I$5),($D20-H$5)*I$4+H$7,0) -> 23344.689 | J20: =IF(AND($D20>I$5,$D20<=J$5),($D20-I$5)*J$4+I$7,0) -> 0 | K20: =IF(AND($D20>J$5,$D20<=K$5),($D20-J$5)*K$4+J$7,0) -> 0 | L20: =D20*$L$9 -> 5336.4623 | Q20: 1998 | R20: 4250 | S20: 7100
A21: ='Income Forecast'!B45 -> 2031 | B21: =IF($C$6="yes",A21*$S$50+$S$51,A21*$R$50+$R$51) -> 8064.0562 | C21: =A21*$O$21+$O$22 -> 5406.7033 | D21: ='Income Forecast'!E45-$B21-$C21 -> 106529.24 | E21: =SUM(F21:L21) -> 28615.149 | G21: =IF(AND($D21>F$5,$D21<=G$5),($D21-F$5)*G$4+F$7,0) -> 0 | H21: =IF(AND($D21>G$5,$D21<=H$5),($D21-G$5)*H$4+G$7,0) -> 0 | I21: =IF(AND($D21>H$5,$D21<=I$5),($D21-H$5)*I$4+H$7,0) -> 23288.687 | J21: =IF(AND($D21>I$5,$D21<=J$5),($D21-I$5)*J$4+I$7,0) -> 0 | K21: =IF(AND($D21>J$5,$D21<=K$5),($D21-J$5)*K$4+J$7,0) -> 0 | L21: =D21*$L$9 -> 5326.462 | N21: Slope: | O21: =LINEST(O6:O19,N6:N19) -> 83.736264 | Q21: 1997 | R21: 4150 | S21: 6900
A22: ='Income Forecast'!B46 -> 2032 | B22: =IF($C$6="yes",A22*$S$50+$S$51,A22*$R$50+$R$51) -> 8180.3262 | C22: =A22*$O$21+$O$22 -> 5490.4396 | D22: ='Income Forecast'!E46-$B22-$C22 -> 106329.23 | E22: =SUM(F22:L22) -> 28549.147 | G22: =IF(AND($D22>F$5,$D22<=G$5),($D22-F$5)*G$4+F$7,0) -> 0 | H22: =IF(AND($D22>G$5,$D22<=H$5),($D22-G$5)*H$4+G$7,0) -> 0 | I22: =IF(AND($D22>H$5,$D22<=I$5),($D22-H$5)*I$4+H$7,0) -> 23232.686 | J22: =IF(AND($D22>I$5,$D22<=J$5),($D22-I$5)*J$4+I$7,0) -> 0 | K22: =IF(AND($D22>J$5,$D22<=K$5),($D22-J$5)*K$4+J$7,0) -> 0 | L22: =D22*$L$9 -> 5316.4617 | N22: Intercept: | O22: =INTERCEPT(O6:O19,N6:N19) -> -164661.65 | Q22: 1996 | R22: 4000 | S22: 6700
A23: ='Income Forecast'!B47 -> 2033 | B23: =IF($C$6="yes",A23*$S$50+$S$51,A23*$R$50+$R$51) -> 8296.5962 | C23: =A23*$O$21+$O$22 -> 5574.1758 | D23: ='Income Forecast'!E47-$B23-$C23 -> 106129.23 | E23: =SUM(F23:L23) -> 28483.145 | G23: =IF(AND($D23>F$5,$D23<=G$5),($D23-F$5)*G$4+F$7,0) -> 0 | H23: =IF(AND($D23>G$5,$D23<=H$5),($D23-G$5)*H$4+G$7,0) -> 0 | I23: =IF(AND($D23>H$5,$D23<=I$5),($D23-H$5)*I$4+H$7,0) -> 23176.684 | J23: =IF(AND($D23>I$5,$D23<=J$5),($D23-I$5)*J$4+I$7,0) -> 0 | K23: =IF(AND($D23>J$5,$D23<=K$5),($D23-J$5)*K$4+J$7,0) -> 0 | L23: =D23*$L$9 -> 5306.4614 | N23: Correlation: | O23: =CORREL(N6:N19,O6:O19) -> 0.99582747 | Q23: 1995 | R23: 3900 | S23: 6550
A24: ='Income Forecast'!B48 -> 2034 | B24: =IF($C$6="yes",A24*$S$50+$S$51,A24*$R$50+$R$51) -> 8412.8662 | C24: =A24*$O$21+$O$22 -> 5657.9121 | D24: ='Income Forecast'!E48-$B24-$C24 -> 105929.22 | E24: =SUM(F24:L24) -> 28417.143 | G24: =IF(AND($D24>F$5,$D24<=G$5),($D24-F$5)*G$4+F$7,0) -> 0 | H24: =IF(AND($D24>G$5,$D24<=H$5),($D24-G$5)*H$4+G$7,0) -> 0 | I24: =IF(AND($D24>H$5,$D24<=I$5),($D24-H$5)*I$4+H$7,0) -> 23120.682 | J24: =IF(AND($D24>I$5,$D24<=J$5),($D24-I$5)*J$4+I$7,0) -> 0 | K24: =IF(AND($D24>J$5,$D24<=K$5),($D24-J$5)*K$4+J$7,0) -> 0 | L24: =D24*$L$9 -> 5296.4611 | Q24: 1994 | R24: 3800 | S24: 6350
A25: ='Income Forecast'!B49 -> 2035 | B25: =IF($C$6="yes",A25*$S$50+$S$51,A25*$R$50+$R$51) -> 8529.1362 | C25: =A25*$O$21+$O$22 -> 5741.6484 | D25: ='Income Forecast'!E49-$B25-$C25 -> 105729.22 | E25: =SUM(F25:L25) -> 28351.141 | G25: =IF(AND($D25>F$5,$D25<=G$5),($D25-F$5)*G$4+F$7,0) -> 0 | H25: =IF(AND($D25>G$5,$D25<=H$5),($D25-G$5)*H$4+G$7,0) -> 0 | I25: =IF(AND($D25>H$5,$D25<=I$5),($D25-H$5)*I$4+H$7,0) -> 23064.68 | J25: =IF(AND($D25>I$5,$D25<=J$5),($D25-I$5)*J$4+I$7,0) -> 0 | K25: =IF(AND($D25>J$5,$D25<=K$5),($D25-J$5)*K$4+J$7,0) -> 0 | L25: =D25*$L$9 -> 5286.4608 | Q25: 1993 | R25: 3700 | S25: 6200
A26: ='Income Forecast'!B50 -> 2036 | B26: =IF($C$6="yes",A26*$S$50+$S$51,A26*$R$50+$R$51) -> 8645.4062 | C26: =A26*$O$21+$O$22 -> 5825.3846 | D26: ='Income Forecast'!E50-$B26-$C26 -> 105529.21 | E26: =SUM(F26:L26) -> 28285.139 | G26: =IF(AND($D26>F$5,$D26<=G$5),($D26-F$5)*G$4+F$7,0) -> 0 | H26: =IF(AND($D26>G$5,$D26<=H$5),($D26-G$5)*H$4+G$7,0) -> 0 | I26: =IF(AND($D26>H$5,$D26<=I$5),($D26-H$5)*I$4+H$7,0) -> 23008.679 | J26: =IF(AND($D26>I$5,$D26<=J$5),($D26-I$5)*J$4+I$7,0) -> 0 | K26: =IF(AND($D26>J$5,$D26<=K$5),($D26-J$5)*K$4+J$7,0) -> 0 | L26: =D26*$L$9 -> 5276.4605 | Q26: 1992 | R26: 3600 | S26: 6000
A27: ='Income Forecast'!B51 -> 2037 | B27: =IF($C$6="yes",A27*$S$50+$S$51,A27*$R$50+$R$51) -> 8761.6762 | C27: =A27*$O$21+$O$22 -> 5909.1209 | D27: ='Income Forecast'!E51-$B27-$C27 -> 105329.2 | E27: =SUM(F27:L27) -> 28219.137 | G27: =IF(AND($D27>F$5,$D27<=G$5),($D27-F$5)*G$4+F$7,0) -> 0 | H27: =IF(AND($D27>G$5,$D27<=H$5),($D27-G$5)*H$4+G$7,0) -> 0 | I27: =IF(AND($D27>H$5,$D27<=I$5),($D27-H$5)*I$4+H$7,0) -> 22952.677 | J27: =IF(AND($D27>I$5,$D27<=J$5),($D27-I$5)*J$4+I$7,0) -> 0 | K27: =IF(AND($D27>J$5,$D27<=K$5),($D27-J$5)*K$4+J$7,0) -> 0 | L27: =D27*$L$9 -> 5266.4601 | Q27: 1991 | R27: 3400 | S27: 5700
A28: ='Income Forecast'!B52 -> 2038 | B28: =IF($C$6="yes",A28*$S$50+$S$51,A28*$R$50+$R$51) -> 8877.9462 | C28: =A28*$O$21+$O$22 -> 5992.8571 | D28: ='Income Forecast'!E52-$B28-$C28 -> 105129.2 | E28: =SUM(F28:L28) -> 28153.135 | G28: =IF(AND($D28>F$5,$D28<=G$5),($D28-F$5)*G$4+F$7,0) -> 0 | H28: =IF(AND($D28>G$5,$D28<=H$5),($D28-G$5)*H$4+G$7,0) -> 0 | I28: =IF(AND($D28>H$5,$D28<=I$5),($D28-H$5)*I$4+H$7,0) -> 22896.675 | J28: =IF(AND($D28>I$5,$D28<=J$5),($D28-I$5)*J$4+I$7,0) -> 0 | K28: =IF(AND($D28>J$5,$D28<=K$5),($D28-J$5)*K$4+J$7,0) -> 0 | L28: =D28*$L$9 -> 5256.4598 | Q28: 1990 | R28: 3250 | S28: 5450
A29: ='Income Forecast'!B53 -> 2039 | B29: =IF($C$6="yes",A29*$S$50+$S$51,A29*$R$50+$R$51) -> 8994.2162 | C29: =A29*$O$21+$O$22 -> 6076.5934 | D29: ='Income Forecast'!E53-$B29-$C29 -> 104929.19 | E29: =SUM(F29:L29) -> 28087.133 | G29: =IF(AND($D29>F$5,$D29<=G$5),($D29-F$5)*G$4+F$7,0) -> 0 | H29: =IF(AND($D29>G$5,$D29<=H$5),($D29-G$5)*H$4+G$7,0) -> 0 | I29: =IF(AND($D29>H$5,$D29<=I$5),($D29-H$5)*I$4+H$7,0) -> 22840.673 | J29: =IF(AND($D29>I$5,$D29<=J$5),($D29-I$5)*J$4+I$7,0) -> 0 | K29: =IF(AND($D29>J$5,$D29<=K$5),($D29-J$5)*K$4+J$7,0) -> 0 | L29: =D29*$L$9 -> 5246.4595 | Q29: 1989 | R29: 3100 | S29: 5200
A30: ='Income Forecast'!B54 -> 2040 | B30: =IF($C$6="yes",A30*$S$50+$S$51,A30*$R$50+$R$51) -> 9110.4863 | C30: =A30*$O$21+$O$22 -> 6160.3297 | D30: ='Income Forecast'!E54-$B30-$C30 -> 104729.18 | E30: =SUM(F30:L30) -> 28021.131 | G30: =IF(AND($D30>F$5,$D30<=G$5),($D30-F$5)*G$4+F$7,0) -> 0 | H30: =IF(AND($D30>G$5,$D30<=H$5),($D30-G$5)*H$4+G$7,0) -> 0 | I30: =IF(AND($D30>H$5,$D30<=I$5),($D30-H$5)*I$4+H$7,0) -> 22784.672 | J30: =IF(AND($D30>I$5,$D30<=J$5),($D30-I$5)*J$4+I$7,0) -> 0 | K30: =IF(AND($D30>J$5,$D30<=K$5),($D30-J$5)*K$4+J$7,0) -> 0 | L30: =D30*$L$9 -> 5236.4592 | Q30: 1988 | R30: 3000 | S30: 5000
A31: ='Income Forecast'!B55 -> 2041 | B31: =IF($C$6="yes",A31*$S$50+$S$51,A31*$R$50+$R$51) -> 9226.7563 | C31: =A31*$O$21+$O$22 -> 6244.0659 | D31: ='Income Forecast'!E55-$B31-$C31 -> 104529.18 | E31: =SUM(F31:L31) -> 27955.129 | G31: =IF(AND($D31>F$5,$D31<=G$5),($D31-F$5)*G$4+F$7,0) -> 0 | H31: =IF(AND($D31>G$5,$D31<=H$5),($D31-G$5)*H$4+G$7,0) -> 0 | I31: =IF(AND($D31>H$5,$D31<=I$5),($D31-H$5)*I$4+H$7,0) -> 22728.67 | J31: =IF(AND($D31>I$5,$D31<=J$5),($D31-I$5)*J$4+I$7,0) -> 0 | K31: =IF(AND($D31>J$5,$D31<=K$5),($D31-J$5)*K$4+J$7,0) -> 0 | L31: =D31*$L$9 -> 5226.4589 | Q31: 1987 | R31: 2540 | S31: 3760
A32: ='Income Forecast'!B56 -> 2042 | B32: =IF($C$6="yes",A32*$S$50+$S$51,A32*$R$50+$R$51) -> 9343.0263 | C32: =A32*$O$21+$O$22 -> 6327.8022 | D32: ='Income Forecast'!E56-$B32-$C32 -> 104329.17 | E32: =SUM(F32:L32) -> 27889.127 | G32: =IF(AND($D32>F$5,$D32<=G$5),($D32-F$5)*G$4+F$7,0) -> 0 | H32: =IF(AND($D32>G$5,$D32<=H$5),($D32-G$5)*H$4+G$7,0) -> 0 | I32: =IF(AND($D32>H$5,$D32<=I$5),($D32-H$5)*I$4+H$7,0) -> 22672.668 | J32: =IF(AND($D32>I$5,$D32<=J$5),($D32-I$5)*J$4+I$7,0) -> 0 | K32: =IF(AND($D32>J$5,$D32<=K$5),($D32-J$5)*K$4+J$7,0) -> 0 | L32: =D32*$L$9 -> 5216.4586 | Q32: 1986 | R32: 2480 | S32: 3670
A33: ='Income Forecast'!B57 -> 2043 | B33: =IF($C$6="yes",A33*$S$50+$S$51,A33*$R$50+$R$51) -> 9459.2963 | C33: =A33*$O$21+$O$22 -> 6411.5385 | D33: ='Income Forecast'!E57-$B33-$C33 -> 104129.17 | E33: =SUM(F33:L33) -> 27823.125 | G33: =IF(AND($D33>F$5,$D33<=G$5),($D33-F$5)*G$4+F$7,0) -> 0 | H33: =IF(AND($D33>G$5,$D33<=H$5),($D33-G$5)*H$4+G$7,0) -> 0 | I33: =IF(AND($D33>H$5,$D33<=I$5),($D33-H$5)*I$4+H$7,0) -> 22616.666 | J33: =IF(AND($D33>I$5,$D33<=J$5),($D33-I$5)*J$4+I$7,0) -> 0 | K33: =IF(AND($D33>J$5,$D33<=K$5),($D33-J$5)*K$4+J$7,0) -> 0 | L33: =D33*$L$9 -> 5206.4583 | Q33: 1985 | R33: 2400 | S33: 3550
A34: ='Income Forecast'!B58 -> 2044 | B34: =IF($C$6="yes",A34*$S$50+$S$51,A34*$R$50+$R$51) -> 9575.5663 | C34: =A34*$O$21+$O$22 -> 6495.2747 | D34: ='Income Forecast'!E58-$B34-$C34 -> 103929.16 | E34: =SUM(F34:L34) -> 27757.122 | G34: =IF(AND($D34>F$5,$D34<=G$5),($D34-F$5)*G$4+F$7,0) -> 0 | H34: =IF(AND($D34>G$5,$D34<=H$5),($D34-G$5)*H$4+G$7,0) -> 0 | I34: =IF(AND($D34>H$5,$D34<=I$5),($D34-H$5)*I$4+H$7,0) -> 22560.665 | J34: =IF(AND($D34>I$5,$D34<=J$5),($D34-I$5)*J$4+I$7,0) -> 0 | K34: =IF(AND($D34>J$5,$D34<=K$5),($D34-J$5)*K$4+J$7,0) -> 0 | L34: =D34*$L$9 -> 5196.4579 | Q34: 1984 | R34: 2300 | S34: 3400
A35: ='Income Forecast'!B59 -> 2045 | B35: =IF($C$6="yes",A35*$S$50+$S$51,A35*$R$50+$R$51) -> 9691.8363 | C35: =A35*$O$21+$O$22 -> 6579.011 | D35: ='Income Forecast'!E59-$B35-$C35 -> 103729.15 | E35: =SUM(F35:L35) -> 27691.12 | G35: =IF(AND($D35>F$5,$D35<=G$5),($D35-F$5)*G$4+F$7,0) -> 0 | H35: =IF(AND($D35>G$5,$D35<=H$5),($D35-G$5)*H$4+G$7,0) -> 0 | I35: =IF(AND($D35>H$5,$D35<=I$5),($D35-H$5)*I$4+H$7,0) -> 22504.663 | J35: =IF(AND($D35>I$5,$D35<=J$5),($D35-I$5)*J$4+I$7,0) -> 0 | K35: =IF(AND($D35>J$5,$D35<=K$5),($D35-J$5)*K$4+J$7,0) -> 0 | L35: =D35*$L$9 -> 5186.4576 | Q35: 1983 | R35: 2300 | S35: 3400
... A48: ='Income Forecast'!B72 -> 2058 | B48: =IF($C$6="yes",A48*$S$50+$S$51,A48*$R$50+$R$51) -> 11203.346 | C48: =A48*$O$21+$O$22 -> 7667.5824 | D48: ='Income Forecast'!E72-$B48-$C48 -> 101129.07 | E48: =SUM(F48:L48) -> 26833.093 | G48: =IF(AND($D48>F$5,$D48<=G$5),($D48-F$5)*G$4+F$7,0) -> 0 | H48: =IF(AND($D48>G$5,$D48<=H$5),($D48-G$5)*H$4+G$7,0) -> 0 | I48: =IF(AND($D48>H$5,$D48<=I$5),($D48-H$5)*I$4+H$7,0) -> 21776.64 | J48: =IF(AND($D48>I$5,$D48<=J$5),($D48-I$5)*J$4+I$7,0) -> 0 | K48: =IF(AND($D48>J$5,$D48<=K$5),($D48-J$5)*K$4+J$7,0) -> 0 | L48: =D48*$L$9 -> 5056.4536 | Q48: 1970 | R48: 1100 | S48: 1100
A49: ='Income Forecast'!B73 -> 2059 | B49: =IF($C$6="yes",A49*$S$50+$S$51,A49*$R$50+$R$51) -> 11319.616 | C49: =A49*$O$21+$O$22 -> 7751.3187 | D49: ='Income Forecast'!E73-$B49-$C49 -> 100929.06 | E49: =SUM(F49:L49) -> 26767.091 | G49: =IF(AND($D49>F$5,$D49<=G$5),($D49-F$5)*G$4+F$7,0) -> 0 | H49: =IF(AND($D49>G$5,$D49<=H$5),($D49-G$5)*H$4+G$7,0) -> 0 | I49: =IF(AND($D49>H$5,$D49<=I$5),($D49-H$5)*I$4+H$7,0) -> 21720.638 | J49: =IF(AND($D49>I$5,$D49<=J$5),($D49-I$5)*J$4+I$7,0) -> 0 | K49: =IF(AND($D49>J$5,$D49<=K$5),($D49-J$5)*K$4+J$7,0) -> 0 | L49: =D49*$L$9 -> 5046.4532
Q50: Slope: | R50: =LINEST(R6:R48,Q6:Q48) -> 116.27001 | S50: =LINEST(S6:S48,Q6:Q48) -> 260.82905
Q51: Intercept: | R51: =INTERCEPT(R6:R48,Q6:Q48) -> -228080.33 | S51: =INTERCEPT(S6:S48,Q6:Q48) -> -513441.35
Q52: Correlation: | R52: =CORREL(Q6:Q48,R6:R48) -> 0.99421391 | S52: =CORREL(Q6:Q48,S6:S48) -> 0.98532107

Sheet Student Loan Forecast in school
C2: Year: | D2: Years Accrued: | E2: Undergrad Debt: | F2: Interest rate: | G2: Total:
C3: ='Income Forecast'!C13 -> 2015 | D3: =IF(C13="Yes",'Income Forecast'!C16+'Income Forecast'!C18,'Income Forecast'!C16) -> 4 | E3: ='Income Forecast'!F12 -> 0 | F3: ='Income Forecast'!H12 -> 0.068 | G3: =E3*(1+F3)^D3 -> 0
B5: Grad School | C5: Year: | D5: Years Accrued: | E5: Yearly Debt: | F5: Interest rate: | G5: Total:
C6: ='Income Forecast'!C13+1 -> 2016 | D6: ='Income Forecast'!C16 -> 4 | E6: ='Income Forecast'!F13 -> 100000 | F6: ='Income Forecast'!H13 -> 0.079 | G6: =E6*(1+F6)^D6 -> 135545.71
C7: =IF(D7<1,0,C6+1) -> 2017 | D7: =IF((D6-1)<1,0,D6-1) -> 3 | E7: ='Income Forecast'!F14 -> 100000 | F7: ='Income Forecast'!H14 -> 0.079 | G7: =E7*(1+F7)^D7 -> 125621.6
C8: =IF(D8<1,0,C7+1) -> 2018 | D8: =IF((D7-1)<1,0,D7-1) -> 2 | E8: ='Income Forecast'!F15 -> 100000 | F8: ='Income Forecast'!H15 -> 0.079 | G8: =E8*(1+F8)^D8 -> 116424.1
C9: =IF(D9<1,0,C8+1) -> 2019 | D9: =IF((D8-1)<1,0,D8-1) -> 1 | E9: ='Income Forecast'!F16 -> 100000 | F9: ='Income Forecast'!H16 -> 0.079 | G9: =E9*(1+F9)^D9 -> 107900
C10: =IF(D10<1,0,C9+1) -> 0 | D10: =IF((D9-1)<1,0,D9-1) -> 0 | E10: ='Income Forecast'!F17 -> 0 | F10: ='Income Forecast'!H17 -> 0.079 | G10: =E10*(1+F10)^D10 -> 0
C11: =IF(D11<1,0,C10+1) -> 0 | D11: =IF((D10-1)<1,0,D10-1) -> 0 | E11: ='Income Forecast'!F18 -> 0 | F11: ='Income Forecast'!H18 -> 0.079 | G11: =E11*(1+F11)^D11 -> 0
G12: =SUM(G6:G11)+G3 -> 485491.41
B13: Residency: | C13: ='Income Forecast'!C17 -> No
B14: Residency | C14: Year: | D14: Years Accrued: | E14: Yearly Debt: | F14: Interest rate: | G14: Total:
C15: =IF(C$13="yes",'Income Forecast'!C$13+'Income Forecast'!C$16+1,0) -> 0 | D15: =IF(C$13="yes",IF(D6>0,'Income Forecast'!C$18,0),0) -> 0 | E15: =IF(C$13="yes",G6,0) -> 0 | F15: =IF(C$13="yes",F6,0) -> 0 | G15: =E15*(1+F15)^D15 -> 0
C16: =IF(C$13="yes",'Income Forecast'!C$13+'Income Forecast'!C$16+2,0) -> 0 | D16: =IF(C$13="yes",IF(D7>0,'Income Forecast'!C$18,0),0) -> 0 | E16: =IF(C$13="yes",G7,0) -> 0 | F16: =IF(C$13="yes",F7,0) -> 0 | G16: =E16*(1+F16)^D16 -> 0
C17: =IF(C$13="yes",'Income Forecast'!C$13+'Income Forecast'!C$16+3,0) -> 0 | D17: =IF(C$13="yes",IF(D8>0,'Income Forecast'!C$18,0),0) -> 0 | E17: =IF(C$13="yes",G8,0) -> 0 | F17: =IF(C$13="yes",F8,0) -> 0 | G17: =E17*(1+F17)^D17 -> 0
C18: =IF(C$13="yes",'Income Forecast'!C$13+'Income Forecast'!C$16+4,0) -> 0 | D18: =IF(C$13="yes",IF(D9>0,'Income Forecast'!C$18,0),0) -> 0 | E18: =IF(C$13="yes",G9,0) -> 0 | F18: =IF(C$13="yes",F9,0) -> 0 | G18: =E18*(1+F18)^D18 -> 0
C19: =IF(C$13="yes",'Income Forecast'!C$13+'Income Forecast'!C$16+5,0) -> 0 | D19: =IF(C$13="yes",IF(D10>0,'Income Forecast'!C$18,0),0) -> 0 | E19: =IF(C$13="yes",G10,0) -> 0 | F19: =IF(C$13="yes",F10,0) -> 0 | G19: =E19*(1+F19)^D19 -> 0
C20: =IF(C$13="yes",'Income Forecast'!C$13+'Income Forecast'!C$16+6,0) -> 0 | D20: =IF(C$13="yes",IF(D11>0,'Income Forecast'!C$18,0),0) -> 0 | E20: =IF(C$13="yes",G11,0) -> 0 | F20: =IF(C$13="yes",F11,0) -> 0 | G20: =E20*(1+F20)^D20 -> 0
G21: =IF(C13="yes",SUM(G15:G20)+G3,0) -> 0
B24: ='Income Forecast'!E12 -> Loan 1 (undergrad): | M24: ='Income Forecast'!E13 -> Graduate 1 Debt: | X24: ='Income Forecast'!E14 -> Graduate 2 Debt: | AI24: ='Income Forecast'!E15 -> Graduate 3 Debt: | AT24: ='Income Forecast'!E16 -> Graduate 4 Debt: | BE24: ='Income Forecast'!E17 -> Graduate 5 Debt: | BP24: ='Income Forecast'!E18 -> Graduate 6 Debt:
B25: Year Ended: | C25: Years: | D25: Periods: | E25: PAYMENT: | F25: ='Income Forecast'!I12 -> 0 | H25: Total Paid: | I25: Total Int: | J25: Total Prin: | M25: Year Ended: | N25: Years: | O25: Periods: | P25: PAYMENT: | Q25: ='Income Forecast'!I13 -> 1637.39 | S25: Total Paid: | T25: Total Int: | U25: Total Prin: | X25: Year Ended: | Y25: Years: | Z25: Periods: | AA25: PAYMENT: | AB25: ='Income Forecast'!I14 -> 1517.507 | AD25: Total Paid: | AE25: Total Int: | AF25: Total Prin: | AI25: Year Ended: | AJ25: Years: | AK25: Periods: | AL25: PAYMENT: | AM25: ='Income Forecast'!I15 -> 1406.4013 | AO25: Total Paid: | AP25: Total Int: | AQ25: Total Prin: | AT25: Year Ended: | AU25: Years: | AV25: Periods: | AW25: PAYMENT: | AX25: ='Income Forecast'!I16 -> 1303.4303 | AZ25: Total Paid: | BA25: Total Int: | BB25: Total Prin: | BE25: Year Ended: | BF25: Years: | BG25: Periods: | BH25: PAYMENT: | BI25: ='Income Forecast'!I17 -> 0 | BK25: Total Paid: | BL25: Total Int: | BM25: Total Prin: | BP25: Year Ended: | BQ25: Years: | BR25: Periods: | BS25: PAYMENT: | BT25: ='Income Forecast'!I18 -> 0 | BV25: Total Paid: | BW25: Total Int: | BX25: Total Prin:
B26: =MAX(B29:B808) -> 0.083333333 | C26: =MAX(C29:C808) -> 0.083333333 | D26: =MAX(D29:D808) -> 1 | E26: PERIODS (PER YR): | F26: ='Income Forecast'!C25 -> 12 | H26: =SUM(H29:H808) -> 0 | I26: =SUM(I29:I808) -> 0 | J26: =SUM(J29:J808) -> 0 | M26: =MAX(M29:M808) -> 10 | N26: =MAX(N29:N808) -> 10 | O26: =MAX(O29:O808) -> 120 | P26: PERIODS (PER YR): | Q26: ='Income Forecast'!C25 -> 12 | S26: =SUM(S29:S808) -> 196486.8 | T26: =SUM(T29:T808) -> 60941.09 | U26: =SUM(U29:U808) -> 135545.71 | X26: =MAX(X29:X808) -> 10 | Y26: =MAX(Y29:Y808) -> 10 | Z26: =MAX(Z29:Z808) -> 120 | AA26: PERIODS (PER YR): | AB26: ='Income Forecast'!C25 -> 12 | AD26: =SUM(AD29:AD808) -> 182100.83 | AE26: =SUM(AE29:AE808) -> 56479.231 | AF26: =SUM(AF29:AF808) -> 125621.6 | AI26: =MAX(AI29:AI808) -> 10 | AJ26: =MAX(AJ29:AJ808) -> 10 | AK26: =MAX(AK29:AK808) -> 120 | AL26: PERIODS (PER YR): | AM26: ='Income Forecast'!C25 -> 12 | AO26: =SUM(AO29:AO808) -> 168768.15 | AP26: =SUM(AP29:AP808) -> 52344.051 | AQ26: =SUM(AQ29:AQ808) -> 116424.1 | AT26: =MAX(AT29:AT808) -> 10 | AU26: =MAX(AU29:AU808) -> 10 | AV26: =MAX(AV29:AV808) -> 120 | AW26: PERIODS (PER YR): | AX26: ='Income Forecast'!C25 -> 12 | AZ26: =SUM(AZ29:AZ808) -> 156411.63 | BA26: =SUM(BA29:BA808) -> 48511.632 | BB26: =SUM(BB29:BB808) -> 107900 | BE26: =MAX(BE29:BE808) -> 0.083333333 | BF26: =MAX(BF29:BF808) -> 0.083333333 | BG26: =MAX(BG29:BG808) -> 1 | BH26: PERIODS (PER YR): | BI26: ='Income Forecast'!C25 -> 12 | BK26: =SUM(BK29:BK808) -> 0 | BL26: =SUM(BL29:BL808) -> 0 | BM26: =SUM(BM29:BM808) -> 0 | BP26: =MAX(BP29:BP808) -> 0.083333333 | BQ26: =MAX(BQ29:BQ808) -> 0.083333333 | BR26: =MAX(BR29:BR808) -> 1 | BS26: PERIODS (PER YR): | BT26: ='Income Forecast'!C25 -> 12 | BV26: =SUM(BV29:BV808) -> 0 | BW26: =SUM(BW29:BW808) -> 0 | BX26: =SUM(BX29:BX808) -> 0
B28: YEAR: | C28: Time: | D28: PERIOD: | E28: BEGIN BAL: | F28: PMT: | G28: ADD PMT: | H28: TOTAL PMT: | I28: INTEREST: | J28: PRINCIPLE: | K28: END BAL: | M28: YEAR: | N28: Time: | O28: PERIOD: | P28: BEGIN BAL: | Q28: PMT: | R28: ADD PMT: | S28: TOTAL PMT: | T28: INTEREST: | U28: PRINCIPLE: | V28: END BAL: | X28: YEAR: | Y28: Time: | Z28: PERIOD: | AA28: BEGIN BAL: | AB28: PMT: | AC28: ADD PMT: | AD28: TOTAL PMT: | AE28: INTEREST: | AF28: PRINCIPLE: | AG28: END BAL: | AI28: YEAR: | AJ28: Time: | AK28: PERIOD: | AL28: BEGIN BAL: | AM28: PMT: | AN28: ADD PMT: | AO28: TOTAL PMT: | AP28: INTEREST: | AQ28: PRINCIPLE: | AR28: END BAL: | AT28: YEAR: | AU28: Time: | AV28: PERIOD: | AW28: BEGIN BAL: | AX28: PMT: | AY28: ADD PMT: | AZ28: TOTAL PMT: | BA28: INTEREST: | BB28: PRINCIPLE: | BC28: END BAL: | BE28: YEAR: | BF28: Time: | BG28: PERIOD: | BH28: BEGIN BAL: | BI28: PMT: | BJ28: ADD PMT: | BK28: TOTAL PMT: | BL28: INTEREST: | BM28: PRINCIPLE: | BN28: END BAL: | BP28: YEAR: | BQ28: Time: | BR28: PERIOD: | BS28: BEGIN BAL: | BT28: PMT: | BU28: ADD PMT: | BV28: TOTAL PMT: | BW28: INTEREST: | BX28: PRINCIPLE: | BY28: END BAL:
B29: =D29/($F$26)+$C$11 -> 0.083333333 | C29: =D29/($F$26) -> 0.083333333 | D29: 1 | E29: =G3 -> 0 | F29: =IF(E29>0,F25,0) -> 0 | G29: 0 | H29: =F29+G29 -> 0 | I29: =E29*($F$3/$F$26) -> 0 | J29: =H29-I29 -> 0 | K29: =E29-J29 -> 0 | M29: =O29/($F$26)+$C$11 -> 0.083333333 | N29: =O29/($F$26) -> 0.083333333 | O29: 1 | P29: =IF(C13="yes",$G15,$G6) -> 135545.71 | Q29: =IF(P29>0,Q25,0) -> 1637.39 | R29: 0 | S29: =Q29+R29 -> 1637.39 | T29: =P29*($F$6/$Q$26) -> 892.34259 | U29: =S29-T29 -> 745.04741 | V29: =P29-U29 -> 134800.66 | X29: =Z29/($F$26)+$C$11 -> 0.083333333 | Y29: =Z29/($F$26) -> 0.083333333 | Z29: 1 | AA29: =IF(C13="yes",$G16,$G7) -> 125621.6 | AB29: =IF(AA29>0,AB25,0) -> 1517.507 | AC29: 0 | AD29: =AB29+AC29 -> 1517.507 | AE29: =AA29*($F$7/$AB$26) -> 827.00889 | AF29: =AD29-AE29 -> 690.49806 | AG29: =AA29-AF29 -> 124931.11 | AI29: =AK29/($F$26)+$C$11 -> 0.083333333 | AJ29: =AK29/($F$26) -> 0.083333333 | AK29: 1 | AL29: =IF(C13="yes",$G17,$G8) -> 116424.1 | AM29: =IF(AL29>0,AM25,0) -> 1406.4013 | AN29: 0 | AO29: =AM29+AN29 -> 1406.4013 | AP29: =AL29*($F$8/$AM$26) -> 766.45866 | AQ29: =AO29-AP29 -> 639.9426 | AR29: =AL29-AQ29 -> 115784.16 | AT29: =AV29/($F$26)+$C$11 -> 0.083333333 | AU29: =AV29/($F$26) -> 0.083333333 | AV29: 1 | AW29: =IF(C13="yes",$G18,$G9) -> 107900 | AX29: =IF(AW29>0,AX25,0) -> 1303.4303 | AY29: 0 | AZ29: =AX29+AY29 -> 1303.4303 | BA29: =AW29*($F$9/$AX$26) -> 710.34167 | BB29: =AZ29-BA29 -> 593.0886 | BC29: =AW29-BB29 -> 107306.91 | BE29: =BG29/($F$26)+$C$11 -> 0.083333333 | BF29: =BG29/($F$26) -> 0.083333333 | BG29: 1 | BH29: =IF(C13="yes",$G19,$G10) -> 0 | BI29: =IF(BH29>0,BI25,0) -> 0 | BJ29: 0 | BK29: =BI29+BJ29 -> 0 | BL29: =BH29*($F$10/$BI$26) -> 0 | BM29: =BK29-BL29 -> 0 | BN29: =BH29-BM29 -> 0 | BP29: =BR29/($F$26)+$C$11 -> 0.083333333 | BQ29: =BR29/($F$26) -> 0.083333333 | BR29: 1 | BS29: =IF(C13="yes",$G20,$G11) -> 0 | BT29: =IF(BS29>0,BT25,0) -> 0 | BU29: 0 | BV29: =BT29+BU29 -> 0 | BW29: =BS29*($F$11/$BT$26) -> 0 | BX29: =BV29-BW29 -> 0 | BY29: =BS29-BX29 -> 0
B30: =IF(K29>0,D30/($F$26)+$C$11,0) -> 0 | C30: =IF(K29>0,D30/($F$26),0) -> 0 | D30: =IF(K29>0,D29+1,0) -> 0 | E30: =IF(K29<0,0,K29) -> 0 | F30: =IF(K29<=H29,E30+I30,F29) -> 0 | G30: 0 | H30: =F30+G30 -> 0 | I30: =E30*($F$3/$F$26) -> 0 | J30: =H30-I30 -> 0 | K30: =E30-J30 -> 0 | M30: =IF(V29>0,O30/($F$26)+$C$11,0) -> 0.16666667 | N30: =IF(V29>0,O30/($F$26),0) -> 0.16666667 | O30: =IF(V29>0,O29+1,0) -> 2 | P30: =IF(V29<0,0,V29) -> 134800.66 | Q30: =IF(V29<=S29,P30+T30,Q29) -> 1637.39 | R30: 0 | S30: =Q30+R30 -> 1637.39 | T30: =P30*($F$6/$Q$26) -> 887.4377 | U30: =S30-T30 -> 749.9523 | V30: =P30-U30 -> 134050.71 | X30: =IF(AG29>0,Z30/($F$26)+$C$11,0) -> 0.16666667 | Y30: =IF(AG29>0,Z30/($F$26),0) -> 0.16666667 | Z30: =IF(AG29>0,Z29+1,0) -> 2 | AA30: =IF(AG29<0,0,AG29) -> 124931.11 | AB30: =IF(AG29<=AD29,AA30+AE30,AB29) -> 1517.507 | AC30: 0 | AD30: =AB30+AC30 -> 1517.507 | AE30: =AA30*($F$7/$AB$26) -> 822.46311 | AF30: =AD30-AE30 -> 695.04384 | AG30: =AA30-AF30 -> 124236.06 | AI30: =IF(AR29>0,AK30/($F$26)+$C$11,0) -> 0.16666667 | AJ30: =IF(AR29>0,AK30/($F$26),0) -> 0.16666667 | AK30: =IF(AR29>0,AK29+1,0) -> 2 | AL30: =IF(AR29<0,0,AR29) -> 115784.16 | AM30: =IF(AR29<=AO29,AL30+AP30,AM29) -> 1406.4013 | AN30: 0 | AO30: =AM30+AN30 -> 1406.4013 | AP30: =AL30*($F$8/$AM$26) -> 762.2457 | AQ30: =AO30-AP30 -> 644.15555 | AR30: =AL30-AQ30 -> 115140 | AT30: =IF(BC29>0,AV30/($F$26)+$C$11,0) -> 0.16666667 | AU30: =IF(BC29>0,AV30/($F$26),0) -> 0.16666667 | AV30: =IF(BC29>0,AV29+1,0) -> 2 | AW30: =IF(BC29<0,0,BC29) -> 107306.91 | AX30: =IF(BC29<=AZ29,AW30+BA30,AX29) -> 1303.4303 | AY30: 0 | AZ30: =AX30+AY30 -> 1303.4303 | BA30: =AW30*($F$9/$AX$26) -> 706.43717 | BB30: =AZ30-BA30 -> 596.9931 | BC30: =AW30-BB30 -> 106709.92 | BE30: =IF(BN29>0,BG30/($F$26)+$C$11,0) -> 0 | BF30: =IF(BN29>0,BG30/($F$26),0) -> 0 | BG30: =IF(BN29>0,BG29+1,0) -> 0 | BH30: =IF(BN29<0,0,BN29) -> 0 | BI30: =IF(BN29<=BK29,BH30+BL30,BI29) -> 0 | BJ30: 0 | BK30: =BI30+BJ30 -> 0 | BL30: =BH30*($F$10/$BI$26) -> 0 | BM30: =BK30-BL30 -> 0 | BN30: =BH30-BM30 -> 0 | BP30: =IF(BY29>0,BR30/($F$26)+$C$11,0) -> 0 | BQ30: =IF(BY29>0,BR30/($F$26),0) -> 0 | BR30: =IF(BY29>0,BR29+1,0) -> 0 | BS30: =IF(BY29<0,0,BY29) -> 0 | BT30: =IF(BY29<=BV29,BS30+BW30,BT29) -> 0 | BU30: 0 | BV30: =BT30+BU30 -> 0 | BW30: =BS30*($F$11/$BT$26) -> 0 | BX30: =BV30-BW30 -> 0 | BY30: =BS30-BX30 -> 0
B31: =IF(K30>0,D31/($F$26)+$C$11,0) -> 0 | C31: =IF(K30>0,D31/($F$26),0) -> 0 | D31: =IF(K30>0,D30+1,0) -> 0 | E31: =IF(K30<0,0,K30) -> 0 | F31: =IF(K30<=H30,E31+I31,F30) -> 0 | G31: 0 | H31: =F31+G31 -> 0 | I31: =E31*($F$3/$F$26) -> 0 | J31: =H31-I31 -> 0 | K31: =E31-J31 -> 0 | M31: =IF(V30>0,O31/($F$26)+$C$11,0) -> 0.25 | N31: =IF(V30>0,O31/($F$26),0) -> 0.25 | O31: =IF(V30>0,O30+1,0) -> 3 | P31: =IF(V30<0,0,V30) -> 134050.71 | Q31: =IF(V30<=S30,P31+T31,Q30) -> 1637.39 | R31: 0 | S31: =Q31+R31 -> 1637.39 | T31: =P31*($F$6/$Q$26) -> 882.50051 | U31: =S31-T31 -> 754.88949 | V31: =P31-U31 -> 133295.82 | X31: =IF(AG30>0,Z31/($F$26)+$C$11,0) -> 0.25 | Y31: =IF(AG30>0,Z31/($F$26),0) -> 0.25 | Z31: =IF(AG30>0,Z30+1,0) -> 3 | AA31: =IF(AG30<0,0,AG30) -> 124236.06 | AB31: =IF(AG30<=AD30,AA31+AE31,AB30) -> 1517.507 | AC31: 0 | AD31: =AB31+AC31 -> 1517.507 | AE31: =AA31*($F$7/$AB$26) -> 817.88741 | AF31: =AD31-AE31 -> 699.61955 | AG31: =AA31-AF31 -> 123536.44 | AI31: =IF(AR30>0,AK31/($F$26)+$C$11,0) -> 0.25 | AJ31: =IF(AR30>0,AK31/($F$26),0) -> 0.25 | AK31: =IF(AR30>0,AK30+1,0) -> 3 | AL31: =IF(AR30<0,0,AR30) -> 115140 | AM31: =IF(AR30<=AO30,AL31+AP31,AM30) -> 1406.4013 | AN31: 0 | AO31: =AM31+AN31 -> 1406.4013 | AP31: =AL31*($F$8/$AM$26) -> 758.00501 | AQ31: =AO31-AP31 -> 648.39624 | AR31: =AL31-AQ31 -> 114491.61 | AT31: =IF(BC30>0,AV31/($F$26)+$C$11,0) -> 0.25 | AU31: =IF(BC30>0,AV31/($F$26),0) -> 0.25 | AV31: =IF(BC30>0,AV30+1,0) -> 3 | AW31: =IF(BC30<0,0,BC30) -> 106709.92 | AX31: =IF(BC30<=AZ30,AW31+BA31,AX30) -> 1303.4303 | AY31: 0 | AZ31: =AX31+AY31 -> 1303.4303 | BA31: =AW31*($F$9/$AX$26) -> 702.50696 | BB31: =AZ31-BA31 -> 600.9233 | BC31: =AW31-BB31 -> 106109 | BE31: =IF(BN30>0,BG31/($F$26)+$C$11,0) -> 0 | BF31: =IF(BN30>0,BG31/($F$26),0) -> 0 | BG31: =IF(BN30>0,BG30+1,0) -> 0 | BH31: =IF(BN30<0,0,BN30) -> 0 | BI31: =IF(BN30<=BK30,BH31+BL31,BI30) -> 0 | BJ31: 0 | BK31: =BI31+BJ31 -> 0 | BL31: =BH31*($F$10/$BI$26) -> 0 | BM31: =BK31-BL31 -> 0 | BN31: =BH31-BM31 -> 0 | BP31: =IF(BY30>0,BR31/($F$26)+$C$11,0) -> 0 | BQ31: =IF(BY30>0,BR31/($F$26),0) -> 0 | BR31: =IF(BY30>0,BR30+1,0) -> 0 | BS31: =IF(BY30<0,0,BY30) -> 0 | BT31: =IF(BY30<=BV30,BS31+BW31,BT30) -> 0 | BU31: 0 | BV31: =BT31+BU31 -> 0 | BW31: =BS31*($F$11/$BT$26) -> 0 | BX31: =BV31-BW31 -> 0 | BY31: =BS31-BX31 -> 0
B32: =IF(K31>0,D32/($F$26)+$C$11,0) -> 0 | C32: =IF(K31>0,D32/($F$26),0) -> 0 | D32: =IF(K31>0,D31+1,0) -> 0 | E32: =IF(K31<0,0,K31) -> 0 | F32: =IF(K31<=H31,E32+I32,F31) -> 0 | G32: 0 | H32: =F32+G32 -> 0 | I32: =E32*($F$3/$F$26) -> 0 | J32: =H32-I32 -> 0 | K32: =E32-J32 -> 0 | M32: =IF(V31>0,O32/($F$26)+$C$11,0) -> 0.33333333 | N32: =IF(V31>0,O32/($F$26),0) -> 0.33333333 | O32: =IF(V31>0,O31+1,0) -> 4 | P32: =IF(V31<0,0,V31) -> 133295.82 | Q32: =IF(V31<=S31,P32+T32,Q31) -> 1637.39 | R32: 0 | S32: =Q32+R32 -> 1637.39 | T32: =P32*($F$6/$Q$26) -> 877.53082 | U32: =S32-T32 -> 759.85918 | V32: =P32-U32 -> 132535.96 | X32: =IF(AG31>0,Z32/($F$26)+$C$11,0) -> 0.33333333 | Y32: =IF(AG31>0,Z32/($F$26),0) -> 0.33333333 | Z32: =IF(AG31>0,Z31+1,0) -> 4 | AA32: =IF(AG31<0,0,AG31) -> 123536.44 | AB32: =IF(AG31<=AD31,AA32+AE32,AB31) -> 1517.507 | AC32: 0 | AD32: =AB32+AC32 -> 1517.507 | AE32: =AA32*($F$7/$AB$26) -> 813.28158 | AF32: =AD32-AE32 -> 704.22537 | AG32: =AA32-AF32 -> 122832.22 | AI32: =IF(AR31>0,AK32/($F$26)+$C$11,0) -> 0.33333333 | AJ32: =IF(AR31>0,AK32/($F$26),0) -> 0.33333333 | AK32: =IF(AR31>0,AK31+1,0) -> 4 | AL32: =IF(AR31<0,0,AR31) -> 114491.61 | AM32: =IF(AR31<=AO31,AL32+AP32,AM31) -> 1406.4013 | AN32: 0 | AO32: =AM32+AN32 -> 1406.4013 | AP32: =AL32*($F$8/$AM$26) -> 753.7364 | AQ32: =AO32-AP32 -> 652.66485 | AR32: =AL32-AQ32 -> 113838.94 | AT32: =IF(BC31>0,AV32/($F$26)+$C$11,0) -> 0.33333333 | AU32: =IF(BC31>0,AV32/($F$26),0) -> 0.33333333 | AV32: =IF(BC31>0,AV31+1,0) -> 4 | AW32: =IF(BC31<0,0,BC31) -> 106109 | AX32: =IF(BC31<=AZ31,AW32+BA32,AX31) -> 1303.4303 | AY32: 0 | AZ32: =AX32+AY32 -> 1303.4303 | BA32: =AW32*($F$9/$AX$26) -> 698.55088 | BB32: =AZ32-BA32 -> 604.87938 | BC32: =AW32-BB32 -> 105504.12 | BE32: =IF(BN31>0,BG32/($F$26)+$C$11,0) -> 0 | BF32: =IF(BN31>0,BG32/($F$26),0) -> 0 | BG32: =IF(BN31>0,BG31+1,0) -> 0 | BH32: =IF(BN31<0,0,BN31) -> 0 | BI32: =IF(BN31<=BK31,BH32+BL32,BI31) -> 0 | BJ32: 0 | BK32: =BI32+BJ32 -> 0 | BL32: =BH32*($F$10/$BI$26) -> 0 | BM32: =BK32-BL32 -> 0 | BN32: =BH32-BM32 -> 0 | BP32: =IF(BY31>0,BR32/($F$26)+$C$11,0) -> 0 | BQ32: =IF(BY31>0,BR32/($F$26),0) -> 0 | BR32: =IF(BY31>0,BR31+1,0) -> 0 | BS32: =IF(BY31<0,0,BY31) -> 0 | BT32: =IF(BY31<=BV31,BS32+BW32,BT31) -> 0 | BU32: 0 | BV32: =BT32+BU32 -> 0 | BW32: =BS32*($F$11/$BT$26) -> 0 | BX32: =BV32-BW32 -> 0 | BY32: =BS32-BX32 -> 0
B33: =IF(K32>0,D33/($F$26)+$C$11,0) -> 0 | C33: =IF(K32>0,D33/($F$26),0) -> 0 | D33: =IF(K32>0,D32+1,0) -> 0 | E33: =IF(K32<0,0,K32) -> 0 | F33: =IF(K32<=H32,E33+I33,F32) -> 0 | G33: 0 | H33: =F33+G33 -> 0 | I33: =E33*($F$3/$F$26) -> 0 | J33: =H33-I33 -> 0 | K33: =E33-J33 -> 0 | M33: =IF(V32>0,O33/($F$26)+$C$11,0) -> 0.41666667 | N33: =IF(V32>0,O33/($F$26),0) -> 0.41666667 | O33: =IF(V32>0,O32+1,0) -> 5 | P33: =IF(V32<0,0,V32) -> 132535.96 | Q33: =IF(V32<=S32,P33+T33,Q32) -> 1637.39 | R33: 0 | S33: =Q33+R33 -> 1637.39 | T33: =P33*($F$6/$Q$26) -> 872.52842 | U33: =S33-T33 -> 764.86158 | V33: =P33-U33 -> 131771.1 | X33: =IF(AG32>0,Z33/($F$26)+$C$11,0) -> 0.41666667 | Y33: =IF(AG32>0,Z33/($F$26),0) -> 0.41666667 | Z33: =IF(AG32>0,Z32+1,0) -> 5 | AA33: =IF(AG32<0,0,AG32) -> 122832.22 | AB33: =IF(AG32<=AD32,AA33+AE33,AB32) -> 1517.507 | AC33: 0 | AD33: =AB33+AC33 -> 1517.507 | AE33: =AA33*($F$7/$AB$26) -> 808.64543 | AF33: =AD33-AE33 -> 708.86152 | AG33: =AA33-AF33 -> 122123.36 | AI33: =IF(AR32>0,AK33/($F$26)+$C$11,0) -> 0.41666667 | AJ33: =IF(AR32>0,AK33/($F$26),0) -> 0.41666667 | AK33: =IF(AR32>0,AK32+1,0) -> 5 | AL33: =IF(AR32<0,0,AR32) -> 113838.94 | AM33: =IF(AR32<=AO32,AL33+AP33,AM32) -> 1406.4013 | AN33: 0 | AO33: =AM33+AN33 -> 1406.4013 | AP33: =AL33*($F$8/$AM$26) -> 749.43969 | AQ33: =AO33-AP33 -> 656.96156 | AR33: =AL33-AQ33 -> 113181.98 | AT33: =IF(BC32>0,AV33/($F$26)+$C$11,0) -> 0.41666667 | AU33: =IF(BC32>0,AV33/($F$26),0) -> 0.41666667 | AV33: =IF(BC32>0,AV32+1,0) -> 5 | AW33: =IF(BC32<0,0,BC32) -> 105504.12 | AX33: =IF(BC32<=AZ32,AW33+BA33,AX32) -> 1303.4303 | AY33: 0 | AZ33: =AX33+AY33 -> 1303.4303 | BA33: =AW33*($F$9/$AX$26) -> 694.56876 | BB33: =AZ33-BA33 -> 608.8615 | BC33: =AW33-BB33 -> 104895.25 | BE33: =IF(BN32>0,BG33/($F$26)+$C$11,0) -> 0 | BF33: =IF(BN32>0,BG33/($F$26),0) -> 0 | BG33: =IF(BN32>0,BG32+1,0) -> 0 | BH33: =IF(BN32<0,0,BN32) -> 0 | BI33: =IF(BN32<=BK32,BH33+BL33,BI32) -> 0 | BJ33: 0 | BK33: =BI33+BJ33 -> 0 | BL33: =BH33*($F$10/$BI$26) -> 0 | BM33: =BK33-BL33 -> 0 | BN33: =BH33-BM33 -> 0 | BP33: =IF(BY32>0,BR33/($F$26)+$C$11,0) -> 0 | BQ33: =IF(BY32>0,BR33/($F$26),0) -> 0 | BR33: =IF(BY32>0,BR32+1,0) -> 0 | BS33: =IF(BY32<0,0,BY32) -> 0 | BT33: =IF(BY32<=BV32,BS33+BW33,BT32) -> 0 | BU33: 0 | BV33: =BT33+BU33 -> 0 | BW33: =BS33*($F$11/$BT$26) -> 0 | BX33: =BV33-BW33 -> 0 | BY33: =BS33-BX33 -> 0
B34: =IF(K33>0,D34/($F$26)+$C$11,0) -> 0 | C34: =IF(K33>0,D34/($F$26),0) -> 0 | D34: =IF(K33>0,D33+1,0) -> 0 | E34: =IF(K33<0,0,K33) -> 0 | F34: =IF(K33<=H33,E34+I34,F33) -> 0 | G34: 0 | H34: =F34+G34 -> 0 | I34: =E34*($F$3/$F$26) -> 0 | J34: =H34-I34 -> 0 | K34: =E34-J34 -> 0 | M34: =IF(V33>0,O34/($F$26)+$C$11,0) -> 0.5 | N34: =IF(V33>0,O34/($F$26),0) -> 0.5 | O34: =IF(V33>0,O33+1,0) -> 6 | P34: =IF(V33<0,0,V33) -> 131771.1 | Q34: =IF(V33<=S33,P34+T34,Q33) -> 1637.39 | R34: 0 | S34: =Q34+R34 -> 1637.39 | T34: =P34*($F$6/$Q$26) -> 867.49308 | U34: =S34-T34 -> 769.89692 | V34: =P34-U34 -> 131001.2 | X34: =IF(AG33>0,Z34/($F$26)+$C$11,0) -> 0.5 | Y34: =IF(AG33>0,Z34/($F$26),0) -> 0.5 | Z34: =IF(AG33>0,Z33+1,0) -> 6 | AA34: =IF(AG33<0,0,AG33) -> 122123.36 | AB34: =IF(AG33<=AD33,AA34+AE34,AB33) -> 1517.507 | AC34: 0 | AD34: =AB34+AC34 -> 1517.507 | AE34: =AA34*($F$7/$AB$26) -> 803.97876 | AF34: =AD34-AE34 -> 713.5282 | AG34: =AA34-AF34 -> 121409.83 | AI34: =IF(AR33>0,AK34/($F$26)+$C$11,0) -> 0.5 | AJ34: =IF(AR33>0,AK34/($F$26),0) -> 0.5 | AK34: =IF(AR33>0,AK33+1,0) -> 6 | AL34: =IF(AR33<0,0,AR33) -> 113181.98 | AM34: =IF(AR33<=AO33,AL34+AP34,AM33) -> 1406.4013 | AN34: 0 | AO34: =AM34+AN34 -> 1406.4013 | AP34: =AL34*($F$8/$AM$26) -> 745.1147 | AQ34: =AO34-AP34 -> 661.28656 | AR34: =AL34-AQ34 -> 112520.69 | AT34: =IF(BC33>0,AV34/($F$26)+$C$11,0) -> 0.5 | AU34: =IF(BC33>0,AV34/($F$26),0) -> 0.5 | AV34: =IF(BC33>0,AV33+1,0) -> 6 | AW34: =IF(BC33<0,0,BC33) -> 104895.25 | AX34: =IF(BC33<=AZ33,AW34+BA34,AX33) -> 1303.4303 | AY34: 0 | AZ34: =AX34+AY34 -> 1303.4303 | BA34: =AW34*($F$9/$AX$26) -> 690.56042 | BB34: =AZ34-BA34 -> 612.86984 | BC34: =AW34-BB34 -> 104282.38 | BE34: =IF(BN33>0,BG34/($F$26)+$C$11,0) -> 0 | BF34: =IF(BN33>0,BG34/($F$26),0) -> 0 | BG34: =IF(BN33>0,BG33+1,0) -> 0 | BH34: =IF(BN33<0,0,BN33) -> 0 | BI34: =IF(BN33<=BK33,BH34+BL34,BI33) -> 0 | BJ34: 0 | BK34: =BI34+BJ34 -> 0 | BL34: =BH34*($F$10/$BI$26) -> 0 | BM34: =BK34-BL34 -> 0 | BN34: =BH34-BM34 -> 0 | BP34: =IF(BY33>0,BR34/($F$26)+$C$11,0) -> 0 | BQ34: =IF(BY33>0,BR34/($F$26),0) -> 0 | BR34: =IF(BY33>0,BR33+1,0) -> 0 | BS34: =IF(BY33<0,0,BY33) -> 0 | BT34: =IF(BY33<=BV33,BS34+BW34,BT33) -> 0 | BU34: 0 | BV34: =BT34+BU34 -> 0 | BW34: =BS34*($F$11/$BT$26) -> 0 | BX34: =BV34-BW34 -> 0 | BY34: =BS34-BX34 -> 0
B35: =IF(K34>0,D35/($F$26)+$C$11,0) -> 0 | C35: =IF(K34>0,D35/($F$26),0) -> 0 | D35: =IF(K34>0,D34+1,0) -> 0 | E35: =IF(K34<0,0,K34) -> 0 | F35: =IF(K34<=H34,E35+I35,F34) -> 0 | G35: 0 | H35: =F35+G35 -> 0 | I35: =E35*($F$3/$F$26) -> 0 | J35: =H35-I35 -> 0 | K35: =E35-J35 -> 0 | M35: =IF(V34>0,O35/($F$26)+$C$11,0) -> 0.58333333 | N35: =IF(V34>0,O35/($F$26),0) -> 0.58333333 | O35: =IF(V34>0,O34+1,0) -> 7 | P35: =IF(V34<0,0,V34) -> 131001.2 | Q35: =IF(V34<=S34,P35+T35,Q34) -> 1637.39 | R35: 0 | S35: =Q35+R35 -> 1637.39 | T35: =P35*($F$6/$Q$26) -> 862.42459 | U35: =S35-T35 -> 774.96541 | V35: =P35-U35 -> 130226.24 | X35: =IF(AG34>0,Z35/($F$26)+$C$11,0) -> 0.58333333 | Y35: =IF(AG34>0,Z35/($F$26),0) -> 0.58333333 | Z35: =IF(AG34>0,Z34+1,0) -> 7 | AA35: =IF(AG34<0,0,AG34) -> 121409.83 | AB35: =IF(AG34<=AD34,AA35+AE35,AB34) -> 1517.507 | AC35: 0 | AD35: =AB35+AC35 -> 1517.507 | AE35: =AA35*($F$7/$AB$26) -> 799.28136 | AF35: =AD35-AE35 -> 718.22559 | AG35: =AA35-AF35 -> 120691.6 | AI35: =IF(AR34>0,AK35/($F$26)+$C$11,0) -> 0.58333333 | AJ35: =IF(AR34>0,AK35/($F$26),0) -> 0.58333333 | AK35: =IF(AR34>0,AK34+1,0) -> 7 | AL35: =IF(AR34<0,0,AR34) -> 112520.69 | AM35: =IF(AR34<=AO34,AL35+AP35,AM34) -> 1406.4013 | AN35: 0 | AO35: =AM35+AN35 -> 1406.4013 | AP35: =AL35*($F$8/$AM$26) -> 740.76123 | AQ35: =AO35-AP35 -> 665.64003 | AR35: =AL35-AQ35 -> 111855.05 | AT35: =IF(BC34>0,AV35/($F$26)+$C$11,0) -> 0.58333333 | AU35: =IF(BC34>0,AV35/($F$26),0) -> 0.58333333 | AV35: =IF(BC34>0,AV34+1,0) -> 7 | AW35: =IF(BC34<0,0,BC34) -> 104282.38 | AX35: =IF(BC34<=AZ34,AW35+BA35,AX34) -> 1303.4303 | AY35: 0 | AZ35: =AX35+AY35 -> 1303.4303 | BA35: =AW35*($F$9/$AX$26) -> 686.5257 | BB35: =AZ35-BA35 -> 616.90457 | BC35: =AW35-BB35 -> 103665.48 | BE35: =IF(BN34>0,BG35/($F$26)+$C$11,0) -> 0 | BF35: =IF(BN34>0,BG35/($F$26),0) -> 0 | BG35: =IF(BN34>0,BG34+1,0) -> 0 | BH35: =IF(BN34<0,0,BN34) -> 0 | BI35: =IF(BN34<=BK34,BH35+BL35,BI34) -> 0 | BJ35: 0 | BK35: =BI35+BJ35 -> 0 | BL35: =BH35*($F$10/$BI$26) -> 0 | BM35: =BK35-BL35 -> 0 | BN35: =BH35-BM35 -> 0 | BP35: =IF(BY34>0,BR35/($F$26)+$C$11,0) -> 0 | BQ35: =IF(BY34>0,BR35/($F$26),0) -> 0 | BR35: =IF(BY34>0,BR34+1,0) -> 0 | BS35: =IF(BY34<0,0,BY34) -> 0 | BT35: =IF(BY34<=BV34,BS35+BW35,BT34) -> 0 | BU35: 0 | BV35: =BT35+BU35 -> 0 | BW35: =BS35*($F$11/$BT$26) -> 0 | BX35: =BV35-BW35 -> 0 | BY35: =BS35-BX35 -> 0
B36: =IF(K35>0,D36/($F$26)+$C$11,0) -> 0 | C36: =IF(K35>0,D36/($F$26),0) -> 0 | D36: =IF(K35>0,D35+1,0) -> 0 | E36: =IF(K35<0,0,K35) -> 0 | F36: =IF(K35<=H35,E36+I36,F35) -> 0 | G36: 0 | H36: =F36+G36 -> 0 | I36: =E36*($F$3/$F$26) -> 0 | J36: =H36-I36 -> 0 | K36: =E36-J36 -> 0 | M36: =IF(V35>0,O36/($F$26)+$C$11,0) -> 0.66666667 | N36: =IF(V35>0,O36/($F$26),0) -> 0.66666667 | O36: =IF(V35>0,O35+1,0) -> 8 | P36: =IF(V35<0,0,V35) -> 130226.24 | Q36: =IF(V35<=S35,P36+T36,Q35) -> 1637.39 | R36: 0 | S36: =Q36+R36 -> 1637.39 | T36: =P36*($F$6/$Q$26) -> 857.32274 | U36: =S36-T36 -> 780.06727 | V36: =P36-U36 -> 129446.17 | X36: =IF(AG35>0,Z36/($F$26)+$C$11,0) -> 0.66666667 | Y36: =IF(AG35>0,Z36/($F$26),0) -> 0.66666667 | Z36: =IF(AG35>0,Z35+1,0) -> 8 | AA36: =IF(AG35<0,0,AG35) -> 120691.6 | AB36: =IF(AG35<=AD35,AA36+AE36,AB35) -> 1517.507 | AC36: 0 | AD36: =AB36+AC36 -> 1517.507 | AE36: =AA36*($F$7/$AB$26) -> 794.55304 | AF36: =AD36-AE36 -> 722.95391 | AG36: =AA36-AF36 -> 119968.65 | AI36: =IF(AR35>0,AK36/($F$26)+$C$11,0) -> 0.66666667 | AJ36: =IF(AR35>0,AK36/($F$26),0) -> 0.66666667 | AK36: =IF(AR35>0,AK35+1,0) -> 8 | AL36: =IF(AR35<0,0,AR35) -> 111855.05 | AM36: =IF(AR35<=AO35,AL36+AP36,AM35) -> 1406.4013 | AN36: 0 | AO36: =AM36+AN36 -> 1406.4013 | AP36: =AL36*($F$8/$AM$26) -> 736.3791 | AQ36: =AO36-AP36 -> 670.02216 | AR36: =AL36-AQ36 -> 111185.03 | AT36: =IF(BC35>0,AV36/($F$26)+$C$11,0) -> 0.66666667 | AU36: =IF(BC35>0,AV36/($F$26),0) -> 0.66666667 | AV36: =IF(BC35>0,AV35+1,0) -> 8 | AW36: =IF(BC35<0,0,BC35) -> 103665.48 | AX36: =IF(BC35<=AZ35,AW36+BA36,AX35) -> 1303.4303 | AY36: 0 | AZ36: =AX36+AY36 -> 1303.4303 | BA36: =AW36*($F$9/$AX$26) -> 682.46441 | BB36: =AZ36-BA36 -> 620.96586 | BC36: =AW36-BB36 -> 103044.51 | BE36: =IF(BN35>0,BG36/($F$26)+$C$11,0) -> 0 | BF36: =IF(BN35>0,BG36/($F$26),0) -> 0 | BG36: =IF(BN35>0,BG35+1,0) -> 0 | BH36: =IF(BN35<0,0,BN35) -> 0 | BI36: =IF(BN35<=BK35,BH36+BL36,BI35) -> 0 | BJ36: 0 | BK36: =BI36+BJ36 -> 0 | BL36: =BH36*($F$10/$BI$26) -> 0 | BM36: =BK36-BL36 -> 0 | BN36: =BH36-BM36 -> 0 | BP36: =IF(BY35>0,BR36/($F$26)+$C$11,0) -> 0 | BQ36: =IF(BY35>0,BR36/($F$26),0) -> 0 | BR36: =IF(BY35>0,BR35+1,0) -> 0 | BS36: =IF(BY35<0,0,BY35) -> 0 | BT36: =IF(BY35<=BV35,BS36+BW36,BT35) -> 0 | BU36: 0 | BV36: =BT36+BU36 -> 0 | BW36: =BS36*($F$11/$BT$26) -> 0 | BX36: =BV36-BW36 -> 0 | BY36: =BS36-BX36 -> 0
B37: =IF(K36>0,D37/($F$26)+$C$11,0) -> 0 | C37: =IF(K36>0,D37/($F$26),0) -> 0 | D37: =IF(K36>0,D36+1,0) -> 0 | E37: =IF(K36<0,0,K36) -> 0 | F37: =IF(K36<=H36,E37+I37,F36) -> 0 | G37: 0 | H37: =F37+G37 -> 0 | I37: =E37*($F$3/$F$26) -> 0 | J37: =H37-I37 -> 0 | K37: =E37-J37 -> 0 | M37: =IF(V36>0,O37/($F$26)+$C$11,0) -> 0.75 | N37: =IF(V36>0,O37/($F$26),0) -> 0.75 | O37: =IF(V36>0,O36+1,0) -> 9 | P37: =IF(V36<0,0,V36) -> 129446.17 | Q37: =IF(V36<=S36,P37+T37,Q36) -> 1637.39 | R37: 0 | S37: =Q37+R37 -> 1637.39 | T37: =P37*($F$6/$Q$26) -> 852.18729 | U37: =S37-T37 -> 785.20271 | V37: =P37-U37 -> 128660.97 | X37: =IF(AG36>0,Z37/($F$26)+$C$11,0) -> 0.75 | Y37: =IF(AG36>0,Z37/($F$26),0) -> 0.75 | Z37: =IF(AG36>0,Z36+1,0) -> 9 | AA37: =IF(AG36<0,0,AG36) -> 119968.65 | AB37: =IF(AG36<=AD36,AA37+AE37,AB36) -> 1517.507 | AC37: 0 | AD37: =AB37+AC37 -> 1517.507 | AE37: =AA37*($F$7/$AB$26) -> 789.7936 | AF37: =AD37-AE37 -> 727.71336 | AG37: =AA37-AF37 -> 119240.93 | AI37: =IF(AR36>0,AK37/($F$26)+$C$11,0) -> 0.75 | AJ37: =IF(AR36>0,AK37/($F$26),0) -> 0.75 | AK37: =IF(AR36>0,AK36+1,0) -> 9 | AL37: =IF(AR36<0,0,AR36) -> 111185.03 | AM37: =IF(AR36<=AO36,AL37+AP37,AM36) -> 1406.4013 | AN37: 0 | AO37: =AM37+AN37 -> 1406.4013 | AP37: =AL37*($F$8/$AM$26) -> 731.96812 | AQ37: =AO37-AP37 -> 674.43314 | AR37: =AL37-AQ37 -> 110510.6 | AT37: =IF(BC36>0,AV37/($F$26)+$C$11,0) -> 0.75 | AU37: =IF(BC36>0,AV37/($F$26),0) -> 0.75 | AV37: =IF(BC36>0,AV36+1,0) -> 9 | AW37: =IF(BC36<0,0,BC36) -> 103044.51 | AX37: =IF(BC36<=AZ36,AW37+BA37,AX36) -> 1303.4303 | AY37: 0 | AZ37: =AX37+AY37 -> 1303.4303 | BA37: =AW37*($F$9/$AX$26) -> 678.37638 | BB37: =AZ37-BA37 -> 625.05388 | BC37: =AW37-BB37 -> 102419.46 | BE37: =IF(BN36>0,BG37/($F$26)+$C$11,0) -> 0 | BF37: =IF(BN36>0,BG37/($F$26),0) -> 0 | BG37: =IF(BN36>0,BG36+1,0) -> 0 | BH37: =IF(BN36<0,0,BN36) -> 0 | BI37: =IF(BN36<=BK36,BH37+BL37,BI36) -> 0 | BJ37: 0 | BK37: =BI37+BJ37 -> 0 | BL37: =BH37*($F$10/$BI$26) -> 0 | BM37: =BK37-BL37 -> 0 | BN37: =BH37-BM37 -> 0 | BP37: =IF(BY36>0,BR37/($F$26)+$C$11,0) -> 0 | BQ37: =IF(BY36>0,BR37/($F$26),0) -> 0 | BR37: =IF(BY36>0,BR36+1,0) -> 0 | BS37: =IF(BY36<0,0,BY36) -> 0 | BT37: =IF(BY36<=BV36,BS37+BW37,BT36) -> 0 | BU37: 0 | BV37: =BT37+BU37 -> 0 | BW37: =BS37*($F$11/$BT$26) -> 0 | BX37: =BV37-BW37 -> 0 | BY37: =BS37-BX37 -> 0
B38: =IF(K37>0,D38/($F$26)+$C$11,0) -> 0 | C38: =IF(K37>0,D38/($F$26),0) -> 0 | D38: =IF(K37>0,D37+1,0) -> 0 | E38: =IF(K37<0,0,K37) -> 0 | F38: =IF(K37<=H37,E38+I38,F37) -> 0 | G38: 0 | H38: =F38+G38 -> 0 | I38: =E38*($F$3/$F$26) -> 0 | J38: =H38-I38 -> 0 | K38: =E38-J38 -> 0 | M38: =IF(V37>0,O38/($F$26)+$C$11,0) -> 0.83333333 | N38: =IF(V37>0,O38/($F$26),0) -> 0.83333333 | O38: =IF(V37>0,O37+1,0) -> 10 | P38: =IF(V37<0,0,V37) -> 128660.97 | Q38: =IF(V37<=S37,P38+T38,Q37) -> 1637.39 | R38: 0 | S38: =Q38+R38 -> 1637.39 | T38: =P38*($F$6/$Q$26) -> 847.01804 | U38: =S38-T38 -> 790.37196 | V38: =P38-U38 -> 127870.6 | X38: =IF(AG37>0,Z38/($F$26)+$C$11,0) -> 0.83333333 | Y38: =IF(AG37>0,Z38/($F$26),0) -> 0.83333333 | Z38: =IF(AG37>0,Z37+1,0) -> 10 | AA38: =IF(AG37<0,0,AG37) -> 119240.93 | AB38: =IF(AG37<=AD37,AA38+AE38,AB37) -> 1517.507 | AC38: 0 | AD38: =AB38+AC38 -> 1517.507 | AE38: =AA38*($F$7/$AB$26) -> 785.00282 | AF38: =AD38-AE38 -> 732.50413 | AG38: =AA38-AF38 -> 118508.43 | AI38: =IF(AR37>0,AK38/($F$26)+$C$11,0) -> 0.83333333 | AJ38: =IF(AR37>0,AK38/($F$26),0) -> 0.83333333 | AK38: =IF(AR37>0,AK37+1,0) -> 10 | AL38: =IF(AR37<0,0,AR37) -> 110510.6 | AM38: =IF(AR37<=AO37,AL38+AP38,AM37) -> 1406.4013 | AN38: 0 | AO38: =AM38+AN38 -> 1406.4013 | AP38: =AL38*($F$8/$AM$26) -> 727.5281 | AQ38: =AO38-AP38 -> 678.87316 | AR38: =AL38-AQ38 -> 109831.72 | AT38: =IF(BC37>0,AV38/($F$26)+$C$11,0) -> 0.83333333 | AU38: =IF(BC37>0,AV38/($F$26),0) -> 0.83333333 | AV38: =IF(BC37>0,AV37+1,0) -> 10 | AW38: =IF(BC37<0,0,BC37) -> 102419.46 | AX38: =IF(BC37<=AZ37,AW38+BA38,AX37) -> 1303.4303 | AY38: 0 | AZ38: =AX38+AY38 -> 1303.4303 | BA38: =AW38*($F$9/$AX$26) -> 674.26144 | BB38: =AZ38-BA38 -> 629.16882 | BC38: =AW38-BB38 -> 101790.29 | BE38: =IF(BN37>0,BG38/($F$26)+$C$11,0) -> 0 | BF38: =IF(BN37>0,BG38/($F$26),0) -> 0 | BG38: =IF(BN37>0,BG37+1,0) -> 0 | BH38: =IF(BN37<0,0,BN37) -> 0 | BI38: =IF(BN37<=BK37,BH38+BL38,BI37) -> 0 | BJ38: 0 | BK38: =BI38+BJ38 -> 0 | BL38: =BH38*($F$10/$BI$26) -> 0 | BM38: =BK38-BL38 -> 0 | BN38: =BH38-BM38 -> 0 | BP38: =IF(BY37>0,BR38/($F$26)+$C$11,0) -> 0 | BQ38: =IF(BY37>0,BR38/($F$26),0) -> 0 | BR38: =IF(BY37>0,BR37+1,0) -> 0 | BS38: =IF(BY37<0,0,BY37) -> 0 | BT38: =IF(BY37<=BV37,BS38+BW38,BT37) -> 0 | BU38: 0 | BV38: =BT38+BU38 -> 0 | BW38: =BS38*($F$11/$BT$26) -> 0 | BX38: =BV38-BW38 -> 0 | BY38: =BS38-BX38 -> 0
B39: =IF(K38>0,D39/($F$26)+$C$11,0) -> 0 | C39: =IF(K38>0,D39/($F$26),0) -> 0 | D39: =IF(K38>0,D38+1,0) -> 0 | E39: =IF(K38<0,0,K38) -> 0 | F39: =IF(K38<=H38,E39+I39,F38) -> 0 | G39: 0 | H39: =F39+G39 -> 0 | I39: =E39*($F$3/$F$26) -> 0 | J39: =H39-I39 -> 0 | K39: =E39-J39 -> 0 | M39: =IF(V38>0,O39/($F$26)+$C$11,0) -> 0.91666667 | N39: =IF(V38>0,O39/($F$26),0) -> 0.91666667 | O39: =IF(V38>0,O38+1,0) -> 11 | P39: =IF(V38<0,0,V38) -> 127870.6 | Q39: =IF(V38<=S38,P39+T39,Q38) -> 1637.39 | R39: 0 | S39: =Q39+R39 -> 1637.39 | T39: =P39*($F$6/$Q$26) -> 841.81476 | U39: =S39-T39 -> 795.57524 | V39: =P39-U39 -> 127075.02 | X39: =IF(AG38>0,Z39/($F$26)+$C$11,0) -> 0.91666667 | Y39: =IF(AG38>0,Z39/($F$26),0) -> 0.91666667 | Z39: =IF(AG38>0,Z38+1,0) -> 11 | AA39: =IF(AG38<0,0,AG38) -> 118508.43 | AB39: =IF(AG38<=AD38,AA39+AE39,AB38) -> 1517.507 | AC39: 0 | AD39: =AB39+AC39 -> 1517.507 | AE39: =AA39*($F$7/$AB$26) -> 780.1805 | AF39: =AD39-AE39 -> 737.32645 | AG39: =AA39-AF39 -> 117771.1 | AI39: =IF(AR38>0,AK39/($F$26)+$C$11,0) -> 0.91666667 | AJ39: =IF(AR38>0,AK39/($F$26),0) -> 0.91666667 | AK39: =IF(AR38>0,AK38+1,0) -> 11 | AL39: =IF(AR38<0,0,AR38) -> 109831.72 | AM39: =IF(AR38<=AO38,AL39+AP39,AM38) -> 1406.4013 | AN39: 0 | AO39: =AM39+AN39 -> 1406.4013 | AP39: =AL39*($F$8/$AM$26) -> 723.05885 | AQ39: =AO39-AP39 -> 683.3424 | AR39: =AL39-AQ39 -> 109148.38 | AT39: =IF(BC38>0,AV39/($F$26)+$C$11,0) -> 0.91666667 | AU39: =IF(BC38>0,AV39/($F$26),0) -> 0.91666667 | AV39: =IF(BC38>0,AV38+1,0) -> 11 | AW39: =IF(BC38<0,0,BC38) -> 101790.29 | AX39: =IF(BC38<=AZ38,AW39+BA39,AX38) -> 1303.4303 | AY39: 0 | AZ39: =AX39+AY39 -> 1303.4303 | BA39: =AW39*($F$9/$AX$26) -> 670.11942 | BB39: =AZ39-BA39 -> 633.31085 | BC39: =AW39-BB39 -> 101156.98 | BE39: =IF(BN38>0,BG39/($F$26)+$C$11,0) -> 0 | BF39: =IF(BN38>0,BG39/($F$26),0) -> 0 | BG39: =IF(BN38>0,BG38+1,0) -> 0 | BH39: =IF(BN38<0,0,BN38) -> 0 | BI39: =IF(BN38<=BK38,BH39+BL39,BI38) -> 0 | BJ39: 0 | BK39: =BI39+BJ39 -> 0 | BL39: =BH39*($F$10/$BI$26) -> 0 | BM39: =BK39-BL39 -> 0 | BN39: =BH39-BM39 -> 0 | BP39: =IF(BY38>0,BR39/($F$26)+$C$11,0) -> 0 | BQ39: =IF(BY38>0,BR39/($F$26),0) -> 0 | BR39: =IF(BY38>0,BR38+1,0) -> 0 | BS39: =IF(BY38<0,0,BY38) -> 0 | BT39: =IF(BY38<=BV38,BS39+BW39,BT38) -> 0 | BU39: 0 | BV39: =BT39+BU39 -> 0 | BW39: =BS39*($F$11/$BT$26) -> 0 | BX39: =BV39-BW39 -> 0 | BY39: =BS39-BX39 -> 0
B40: =IF(K39>0,D40/($F$26)+$C$11,0) -> 0 | C40: =IF(K39>0,D40/($F$26),0) -> 0 | D40: =IF(K39>0,D39+1,0) -> 0 | E40: =IF(K39<0,0,K39) -> 0 | F40: =IF(K39<=H39,E40+I40,F39) -> 0 | G40: 0 | H40: =F40+G40 -> 0 | I40: =E40*($F$3/$F$26) -> 0 | J40: =H40-I40 -> 0 | K40: =E40-J40 -> 0 | M40: =IF(V39>0,O40/($F$26)+$C$11,0) -> 1 | N40: =IF(V39>0,O40/($F$26),0) -> 1 | O40: =IF(V39>0,O39+1,0) -> 12 | P40: =IF(V39<0,0,V39) -> 127075.02 | Q40: =IF(V39<=S39,P40+T40,Q39) -> 1637.39 | R40: 0 | S40: =Q40+R40 -> 1637.39 | T40: =P40*($F$6/$Q$26) -> 836.57722 | U40: =S40-T40 -> 800.81278 | V40: =P40-U40 -> 126274.21 | X40: =IF(AG39>0,Z40/($F$26)+$C$11,0) -> 1 | Y40: =IF(AG39>0,Z40/($F$26),0) -> 1 | Z40: =IF(AG39>0,Z39+1,0) -> 12 | AA40: =IF(AG39<0,0,AG39) -> 117771.1 | AB40: =IF(AG39<=AD39,AA40+AE40,AB39) -> 1517.507 | AC40: 0 | AD40: =AB40+AC40 -> 1517.507 | AE40: =AA40*($F$7/$AB$26) -> 775.32643 | AF40: =AD40-AE40 -> 742.18052 | AG40: =AA40-AF40 -> 117028.92 | AI40: =IF(AR39>0,AK40/($F$26)+$C$11,0) -> 1 | AJ40: =IF(AR39>0,AK40/($F$26),0) -> 1 | AK40: =IF(AR39>0,AK39+1,0) -> 12 | AL40: =IF(AR39<0,0,AR39) -> 109148.38 | AM40: =IF(AR39<=AO39,AL40+AP40,AM39) -> 1406.4013 | AN40: 0 | AO40: =AM40+AN40 -> 1406.4013 | AP40: =AL40*($F$8/$AM$26) -> 718.56018 | AQ40: =AO40-AP40 -> 687.84107 | AR40: =AL40-AQ40 -> 108460.54 | AT40: =IF(BC39>0,AV40/($F$26)+$C$11,0) -> 1 | AU40: =IF(BC39>0,AV40/($F$26),0) -> 1 | AV40: =IF(BC39>0,AV39+1,0) -> 12 | AW40: =IF(BC39<0,0,BC39) -> 101156.98 | AX40: =IF(BC39<=AZ39,AW40+BA40,AX39) -> 1303.4303 | AY40: 0 | AZ40: =AX40+AY40 -> 1303.4303 | BA40: =AW40*($F$9/$AX$26) -> 665.95012 | BB40: =AZ40-BA40 -> 637.48014 | BC40: =AW40-BB40 -> 100519.5 | BE40: =IF(BN39>0,BG40/($F$26)+$C$11,0) -> 0 | BF40: =IF(BN39>0,BG40/($F$26),0) -> 0 | BG40: =IF(BN39>0,BG39+1,0) -> 0 | BH40: =IF(BN39<0,0,BN39) -> 0 | BI40: =IF(BN39<=BK39,BH40+BL40,BI39) -> 0 | BJ40: 0 | BK40: =BI40+BJ40 -> 0 | BL40: =BH40*($F$10/$BI$26) -> 0 | BM40: =BK40-BL40 -> 0 | BN40: =BH40-BM40 -> 0 | BP40: =IF(BY39>0,BR40/($F$26)+$C$11,0) -> 0 | BQ40: =IF(BY39>0,BR40/($F$26),0) -> 0 | BR40: =IF(BY39>0,BR39+1,0) -> 0 | BS40: =IF(BY39<0,0,BY39) -> 0 | BT40: =IF(BY39<=BV39,BS40+BW40,BT39) -> 0 | BU40: 0 | BV40: =BT40+BU40 -> 0 | BW40: =BS40*($F$11/$BT$26) -> 0 | BX40: =BV40-BW40 -> 0 | BY40: =BS40-BX40 -> 0
B41: =IF(K40>0,D41/($F$26)+$C$11,0) -> 0 | C41: =IF(K40>0,D41/($F$26),0) -> 0 | D41: =IF(K40>0,D40+1,0) -> 0 | E41: =IF(K40<0,0,K40) -> 0 | F41: =IF(K40<=H40,E41+I41,F40) -> 0 | G41: 0 | H41: =F41+G41 -> 0 | I41: =E41*($F$3/$F$26) -> 0 | J41: =H41-I41 -> 0 | K41: =E41-J41 -> 0 | M41: =IF(V40>0,O41/($F$26)+$C$11,0) -> 1.0833333 | N41: =IF(V40>0,O41/($F$26),0) -> 1.0833333 | O41: =IF(V40>0,O40+1,0) -> 13 | P41: =IF(V40<0,0,V40) -> 126274.21 | Q41: =IF(V40<=S40,P41+T41,Q40) -> 1637.39 | R41: 0 | S41: =Q41+R41 -> 1637.39 | T41: =P41*($F$6/$Q$26) -> 831.3052 | U41: =S41-T41 -> 806.0848 | V41: =P41-U41 -> 125468.12 | X41: =IF(AG40>0,Z41/($F$26)+$C$11,0) -> 1.0833333 | Y41: =IF(AG40>0,Z41/($F$26),0) -> 1.0833333 | Z41: =IF(AG40>0,Z40+1,0) -> 13 | AA41: =IF(AG40<0,0,AG40) -> 117028.92 | AB41: =IF(AG40<=AD40,AA41+AE41,AB40) -> 1517.507 | AC41: 0 | AD41: =AB41+AC41 -> 1517.507 | AE41: =AA41*($F$7/$AB$26) -> 770.44041 | AF41: =AD41-AE41 -> 747.06654 | AG41: =AA41-AF41 -> 116281.86 | AI41: =IF(AR40>0,AK41/($F$26)+$C$11,0) -> 1.0833333 | AJ41: =IF(AR40>0,AK41/($F$26),0) -> 1.0833333 | AK41: =IF(AR40>0,AK40+1,0) -> 13 | AL41: =IF(AR40<0,0,AR40) -> 108460.54 | AM41: =IF(AR40<=AO40,AL41+AP41,AM40) -> 1406.4013 | AN41: 0 | AO41: =AM41+AN41 -> 1406.4013 | AP41: =AL41*($F$8/$AM$26) -> 714.03189 | AQ41: =AO41-AP41 -> 692.36936 | AR41: =AL41-AQ41 -> 107768.17 | AT41: =IF(BC40>0,AV41/($F$26)+$C$11,0) -> 1.0833333 | AU41: =IF(BC40>0,AV41/($F$26),0) -> 1.0833333 | AV41: =IF(BC40>0,AV40+1,0) -> 13 | AW41: =IF(BC40<0,0,BC40) -> 100519.5 | AX41: =IF(BC40<=AZ40,AW41+BA41,AX40) -> 1303.4303 | AY41: 0 | AZ41: =AX41+AY41 -> 1303.4303 | BA41: =AW41*($F$9/$AX$26) -> 661.75338 | BB41: =AZ41-BA41 -> 641.67689 | BC41: =AW41-BB41 -> 99877.823 | BE41: =IF(BN40>0,BG41/($F$26)+$C$11,0) -> 0 | BF41: =IF(BN40>0,BG41/($F$26),0) -> 0 | BG41: =IF(BN40>0,BG40+1,0) -> 0 | BH41: =IF(BN40<0,0,BN40) -> 0 | BI41: =IF(BN40<=BK40,BH41+BL41,BI40) -> 0 | BJ41: 0 | BK41: =BI41+BJ41 -> 0 | BL41: =BH41*($F$10/$BI$26) -> 0 | BM41: =BK41-BL41 -> 0 | BN41: =BH41-BM41 -> 0 | BP41: =IF(BY40>0,BR41/($F$26)+$C$11,0) -> 0 | BQ41: =IF(BY40>0,BR41/($F$26),0) -> 0 | BR41: =IF(BY40>0,BR40+1,0) -> 0 | BS41: =IF(BY40<0,0,BY40) -> 0 | BT41: =IF(BY40<=BV40,BS41+BW41,BT40) -> 0 | BU41: 0 | BV41: =BT41+BU41 -> 0 | BW41: =BS41*($F$11/$BT$26) -> 0 | BX41: =BV41-BW41 -> 0 | BY41: =BS41-BX41 -> 0
... B808: =IF(K807>0,D808/($F$26)+$C$11,0) -> 0 | C808: =IF(K807>0,D808/($F$26),0) -> 0 | D808: =IF(K807>0,D807+1,0) -> 0 | E808: =IF(K807<0,0,K807) -> 0 | F808: =IF(K807<=H807,E808+I808,F807) -> 0 | G808: 0 | H808: =F808+G808 -> 0 | I808: =E808*($F$3/$F$26) -> 0 | J808: =H808-I808 -> 0 | K808: =E808-J808 -> 0 | M808: =IF(V807>0,O808/($F$26)+$C$11,0) -> 0 | N808: =IF(V807>0,O808/($F$26),0) -> 0 | O808: =IF(V807>0,O807+1,0) -> 0 | P808: =IF(V807<0,0,V807) -> 0 | Q808: =IF(V807<=S807,P808+T808,Q807) -> 0 | R808: 0 | S808: =Q808+R808 -> 0 | T808: =P808*($F$6/$Q$26) -> 0 | U808: =S808-T808 -> 0 | V808: =P808-U808 -> 0 | X808: =IF(AG807>0,Z808/($F$26)+$C$11,0) -> 0 | Y808: =IF(AG807>0,Z808/($F$26),0) -> 0 | Z808: =IF(AG807>0,Z807+1,0) -> 0 | AA808: =IF(AG807<0,0,AG807) -> 0 | AB808: =IF(AG807<=AD807,AA808+AE808,AB807) -> 0 | AC808: 0 | AD808: =AB808+AC808 -> 0 | AE808: =AA808*($F$7/$AB$26) -> 0 | AF808: =AD808-AE808 -> 0 | AG808: =AA808-AF808 -> 0 | AI808: =IF(AR807>0,AK808/($F$26)+$C$11,0) -> 0 | AJ808: =IF(AR807>0,AK808/($F$26),0) -> 0 | AK808: =IF(AR807>0,AK807+1,0) -> 0 | AL808: =IF(AR807<0,0,AR807) -> 0 | AM808: =IF(AR807<=AO807,AL808+AP808,AM807) -> 0 | AN808: 0 | AO808: =AM808+AN808 -> 0 | AP808: =AL808*($F$8/$AM$26) -> 0 | AQ808: =AO808-AP808 -> 0 | AR808: =AL808-AQ808 -> 0 | AT808: =IF(BC807>0,AV808/($F$26)+$C$11,0) -> 0 | AU808: =IF(BC807>0,AV808/($F$26),0) -> 0 | AV808: =IF(BC807>0,AV807+1,0) -> 0 | AW808: =IF(BC807<0,0,BC807) -> 0 | AX808: =IF(BC807<=AZ807,AW808+BA808,AX807) -> 0 | AY808: 0 | AZ808: =AX808+AY808 -> 0 | BA808: =AW808*($F$9/$AX$26) -> 0 | BB808: =AZ808-BA808 -> 0 | BC808: =AW808-BB808 -> 0 | BE808: =IF(BN807>0,BG808/($F$26)+$C$11,0) -> 0 | BF808: =IF(BN807>0,BG808/($F$26),0) -> 0 | BG808: =IF(BN807>0,BG807+1,0) -> 0 | BH808: =IF(BN807<0,0,BN807) -> 0 | BI808: =IF(BN807<=BK807,BH808+BL808,BI807) -> 0 | BJ808: 0 | BK808: =BI808+BJ808 -> 0 | BL808: =BH808*($F$10/$BI$26) -> 0 | BM808: =BK808-BL808 -> 0 | BN808: =BH808-BM808 -> 0 | BP808: =IF(BY807>0,BR808/($F$26)+$C$11,0) -> 0 | BQ808: =IF(BY807>0,BR808/($F$26),0) -> 0 | BR808: =IF(BY807>0,BR807+1,0) -> 0 | BS808: =IF(BY807<0,0,BY807) -> 0 | BT808: =IF(BY807<=BV807,BS808+BW808,BT807) -> 0 | BU808: 0 | BV808: =BT808+BU808 -> 0 | BW808: =BS808*($F$11/$BT$26) -> 0 | BX808: =BV808-BW808 -> 0 | BY808: =BS808-BX808 -> 0

Sheet Mortgage Forecast
B3: Mortgage
E4: PURCHASE PRICE: | F4: ='Income Forecast'!F19 -> 0
E5: INTEREST: | F5: ='Income Forecast'!H19 -> 0.05
B6: Year Ended: | C6: Years: | D6: Periods: | E6: PAYMENT: | F6: ='Income Forecast'!I19 -> 0 | H6: Total Paid: | I6: Total Int: | J6: Total Prin:
B7: =MAX(B10:B790) -> 2020 | C7: =MAX(C10:C790) -> 0.083333333 | D7: =MAX(D10:D790) -> 1 | E7: PERIODS (PER YR): | F7: ='Income Forecast'!C25 -> 12 | H7: =SUM(H11:H790) -> 0 | I7: =SUM(I11:I790) -> 0 | J7: =SUM(J11:J790) -> 0
B10: YEAR: | C10: Time: | D10: PERIOD: | E10: BEGIN BAL: | F10: PMT: | G10: ADD PMT: | H10: TOTAL PMT: | I10: INTEREST: | J10: PRINCIPLE: | K10: END BAL:
B11: 2020 | C11: =D11/($F$7) -> 0.083333333 | D11: 1 | E11: =F4 -> 0 | F11: =$F$6 -> 0 | G11: 0 | H11: =F11+G11 -> 0 | I11: =E11*($F$5/$F$7) -> 0 | J11: =H11-I11 -> 0 | K11: =E11-J11 -> 0
B12: =IF(K11>0,D12/($F$7)+$B$11,0) -> 0 | C12: =IF(K11>0,D12/($F$7),0) -> 0 | D12: =IF(K11>0,D11+1,0) -> 0 | E12: =K11 -> 0 | F12: =IF(K11<=H11,E12+I12,F11) -> 0 | G12: 0 | H12: =F12+G12 -> 0 | I12: =E12*($F$5/$F$7) -> 0 | J12: =H12-I12 -> 0 | K12: =E12-J12 -> 0
B13: =IF(K12>0,D13/($F$7)+$B$11,0) -> 0 | C13: =IF(K12>0,D13/($F$7),0) -> 0 | D13: =IF(K12>0,D12+1,0) -> 0 | E13: =K12 -> 0 | F13: =IF(K12<=H12,E13+I13,F12) -> 0 | G13: 0 | H13: =F13+G13 -> 0 | I13: =E13*($F$5/$F$7) -> 0 | J13: =H13-I13 -> 0 | K13: =E13-J13 -> 0
B14: =IF(K13>0,D14/($F$7)+$B$11,0) -> 0 | C14: =IF(K13>0,D14/($F$7),0) -> 0 | D14: =IF(K13>0,D13+1,0) -> 0 | E14: =K13 -> 0 | F14: =IF(K13<=H13,E14+I14,F13) -> 0 | G14: 0 | H14: =F14+G14 -> 0 | I14: =E14*($F$5/$F$7) -> 0 | J14: =H14-I14 -> 0 | K14: =E14-J14 -> 0
B15: =IF(K14>0,D15/($F$7)+$B$11,0) -> 0 | C15: =IF(K14>0,D15/($F$7),0) -> 0 | D15: =IF(K14>0,D14+1,0) -> 0 | E15: =K14 -> 0 | F15: =IF(K14<=H14,E15+I15,F14) -> 0 | G15: 0 | H15: =F15+G15 -> 0 | I15: =E15*($F$5/$F$7) -> 0 | J15: =H15-I15 -> 0 | K15: =E15-J15 -> 0
B16: =IF(K15>0,D16/($F$7)+$B$11,0) -> 0 | C16: =IF(K15>0,D16/($F$7),0) -> 0 | D16: =IF(K15>0,D15+1,0) -> 0 | E16: =K15 -> 0 | F16: =IF(K15<=H15,E16+I16,F15) -> 0 | G16: 0 | H16: =F16+G16 -> 0 | I16: =E16*($F$5/$F$7) -> 0 | J16: =H16-I16 -> 0 | K16: =E16-J16 -> 0
B17: =IF(K16>0,D17/($F$7)+$B$11,0) -> 0 | C17: =IF(K16>0,D17/($F$7),0) -> 0 | D17: =IF(K16>0,D16+1,0) -> 0 | E17: =K16 -> 0 | F17: =IF(K16<=H16,E17+I17,F16) -> 0 | G17: 0 | H17: =F17+G17 -> 0 | I17: =E17*($F$5/$F$7) -> 0 | J17: =H17-I17 -> 0 | K17: =E17-J17 -> 0
B18: =IF(K17>0,D18/($F$7)+$B$11,0) -> 0 | C18: =IF(K17>0,D18/($F$7),0) -> 0 | D18: =IF(K17>0,D17+1,0) -> 0 | E18: =K17 -> 0 | F18: =IF(K17<=H17,E18+I18,F17) -> 0 | G18: 0 | H18: =F18+G18 -> 0 | I18: =E18*($F$5/$F$7) -> 0 | J18: =H18-I18 -> 0 | K18: =E18-J18 -> 0
B19: =IF(K18>0,D19/($F$7)+$B$11,0) -> 0 | C19: =IF(K18>0,D19/($F$7),0) -> 0 | D19: =IF(K18>0,D18+1,0) -> 0 | E19: =K18 -> 0 | F19: =IF(K18<=H18,E19+I19,F18) -> 0 | G19: 0 | H19: =F19+G19 -> 0 | I19: =E19*($F$5/$F$7) -> 0 | J19: =H19-I19 -> 0 | K19: =E19-J19 -> 0
B20: =IF(K19>0,D20/($F$7)+$B$11,0) -> 0 | C20: =IF(K19>0,D20/($F$7),0) -> 0 | D20: =IF(K19>0,D19+1,0) -> 0 | E20: =K19 -> 0 | F20: =IF(K19<=H19,E20+I20,F19) -> 0 | G20: 0 | H20: =F20+G20 -> 0 | I20: =E20*($F$5/$F$7) -> 0 | J20: =H20-I20 -> 0 | K20: =E20-J20 -> 0
B21: =IF(K20>0,D21/($F$7)+$B$11,0) -> 0 | C21: =IF(K20>0,D21/($F$7),0) -> 0 | D21: =IF(K20>0,D20+1,0) -> 0 | E21: =K20 -> 0 | F21: =IF(K20<=H20,E21+I21,F20) -> 0 | G21: 0 | H21: =F21+G21 -> 0 | I21: =E21*($F$5/$F$7) -> 0 | J21: =H21-I21 -> 0 | K21: =E21-J21 -> 0
B22: =IF(K21>0,D22/($F$7)+$B$11,0) -> 0 | C22: =IF(K21>0,D22/($F$7),0) -> 0 | D22: =IF(K21>0,D21+1,0) -> 0 | E22: =K21 -> 0 | F22: =IF(K21<=H21,E22+I22,F21) -> 0 | G22: 0 | H22: =F22+G22 -> 0 | I22: =E22*($F$5/$F$7) -> 0 | J22: =H22-I22 -> 0 | K22: =E22-J22 -> 0
B23: =IF(K22>0,D23/($F$7)+$B$11,0) -> 0 | C23: =IF(K22>0,D23/($F$7),0) -> 0 | D23: =IF(K22>0,D22+1,0) -> 0 | E23: =K22 -> 0 | F23: =IF(K22<=H22,E23+I23,F22) -> 0 | G23: 0 | H23: =F23+G23 -> 0 | I23: =E23*($F$5/$F$7) -> 0 | J23: =H23-I23 -> 0 | K23: =E23-J23 -> 0
... B790: =IF(K789>0,D790/($F$7)+$B$11,0) -> 0 | C790: =IF(K789>0,D790/($F$7),0) -> 0 | D790: =IF(K789>0,D789+1,0) -> 0 | E790: =K789 -> 0 | F790: =IF(K789<=H789,E790+I790,F789) -> 0 | G790: 0 | H790: =F790+G790 -> 0 | I790: =E790*($F$5/$F$7) -> 0 | J790: =H790-I790 -> 0 | K790: =E790-J790 -> 0

Sheet Business Loan Forecast
B3: Business Loan
E4: PURCHASE PRICE: | F4: ='Income Forecast'!F20 -> 0
E5: INTEREST: | F5: ='Income Forecast'!H20 -> 0.05
B6: Year Ended: | C6: Years: | D6: Periods: | E6: PAYMENT: | F6: ='Income Forecast'!I20 -> 0 | H6: Total Paid: | I6: Total Int: | J6: Total Prin:
B7: =MAX(B10:B790) -> 0 | C7: =MAX(C10:C790) -> 0 | D7: =MAX(D10:D790) -> 0 | E7: PERIODS (PER YR): | F7: ='Income Forecast'!C25 -> 12 | H7: =SUM(H11:H60790) -> 0 | I7: =SUM(I11:I60790) -> 0 | J7: =SUM(J11:J60790) -> 0
B10: YEAR: | C10: Time: | D10: PERIOD: | E10: BEGIN BAL: | F10: PMT: | G10: ADD PMT: | H10: TOTAL PMT: | I10: INTEREST: | J10: PRINCIPLE: | K10: END BAL:
B11: =IF(F4>0,2020,0) -> 0 | C11: =D11/($F$7) -> 0 | D11: =IF(F4>0,1,0) -> 0 | E11: =F4 -> 0 | F11: =$F$6 -> 0 | G11: 0 | H11: =F11+G11 -> 0 | I11: =E11*($F$5/$F$7) -> 0 | J11: =H11-I11 -> 0 | K11: =E11-J11 -> 0
B12: =IF(K11>0,D12/($F$7)+$B$11,0) -> 0 | C12: =IF(K11>0,D12/($F$7),0) -> 0 | D12: =IF(K11>0,D11+1,0) -> 0 | E12: =K11 -> 0 | F12: =IF(K11<=H11,E12+I12,F11) -> 0 | G12: 0 | H12: =F12+G12 -> 0 | I12: =E12*($F$5/$F$7) -> 0 | J12: =H12-I12 -> 0 | K12: =E12-J12 -> 0
B13: =IF(K12>0,D13/($F$7)+$B$11,0) -> 0 | C13: =IF(K12>0,D13/($F$7),0) -> 0 | D13: =IF(K12>0,D12+1,0) -> 0 | E13: =K12 -> 0 | F13: =IF(K12<=H12,E13+I13,F12) -> 0 | G13: 0 | H13: =F13+G13 -> 0 | I13: =E13*($F$5/$F$7) -> 0 | J13: =H13-I13 -> 0 | K13: =E13-J13 -> 0
B14: =IF(K13>0,D14/($F$7)+$B$11,0) -> 0 | C14: =IF(K13>0,D14/($F$7),0) -> 0 | D14: =IF(K13>0,D13+1,0) -> 0 | E14: =K13 -> 0 | F14: =IF(K13<=H13,E14+I14,F13) -> 0 | G14: 0 | H14: =F14+G14 -> 0 | I14: =E14*($F$5/$F$7) -> 0 | J14: =H14-I14 -> 0 | K14: =E14-J14 -> 0
B15: =IF(K14>0,D15/($F$7)+$B$11,0) -> 0 | C15: =IF(K14>0,D15/($F$7),0) -> 0 | D15: =IF(K14>0,D14+1,0) -> 0 | E15: =K14 -> 0 | F15: =IF(K14<=H14,E15+I15,F14) -> 0 | G15: 0 | H15: =F15+G15 -> 0 | I15: =E15*($F$5/$F$7) -> 0 | J15: =H15-I15 -> 0 | K15: =E15-J15 -> 0
B16: =IF(K15>0,D16/($F$7)+$B$11,0) -> 0 | C16: =IF(K15>0,D16/($F$7),0) -> 0 | D16: =IF(K15>0,D15+1,0) -> 0 | E16: =K15 -> 0 | F16: =IF(K15<=H15,E16+I16,F15) -> 0 | G16: 0 | H16: =F16+G16 -> 0 | I16: =E16*($F$5/$F$7) -> 0 | J16: =H16-I16 -> 0 | K16: =E16-J16 -> 0
B17: =IF(K16>0,D17/($F$7)+$B$11,0) -> 0 | C17: =IF(K16>0,D17/($F$7),0) -> 0 | D17: =IF(K16>0,D16+1,0) -> 0 | E17: =K16 -> 0 | F17: =IF(K16<=H16,E17+I17,F16) -> 0 | G17: 0 | H17: =F17+G17 -> 0 | I17: =E17*($F$5/$F$7) -> 0 | J17: =H17-I17 -> 0 | K17: =E17-J17 -> 0
B18: =IF(K17>0,D18/($F$7)+$B$11,0) -> 0 | C18: =IF(K17>0,D18/($F$7),0) -> 0 | D18: =IF(K17>0,D17+1,0) -> 0 | E18: =K17 -> 0 | F18: =IF(K17<=H17,E18+I18,F17) -> 0 | G18: 0 | H18: =F18+G18 -> 0 | I18: =E18*($F$5/$F$7) -> 0 | J18: =H18-I18 -> 0 | K18: =E18-J18 -> 0
B19: =IF(K18>0,D19/($F$7)+$B$11,0) -> 0 | C19: =IF(K18>0,D19/($F$7),0) -> 0 | D19: =IF(K18>0,D18+1,0) -> 0 | E19: =K18 -> 0 | F19: =IF(K18<=H18,E19+I19,F18) -> 0 | G19: 0 | H19: =F19+G19 -> 0 | I19: =E19*($F$5/$F$7) -> 0 | J19: =H19-I19 -> 0 | K19: =E19-J19 -> 0
B20: =IF(K19>0,D20/($F$7)+$B$11,0) -> 0 | C20: =IF(K19>0,D20/($F$7),0) -> 0 | D20: =IF(K19>0,D19+1,0) -> 0 | E20: =K19 -> 0 | F20: =IF(K19<=H19,E20+I20,F19) -> 0 | G20: 0 | H20: =F20+G20 -> 0 | I20: =E20*($F$5/$F$7) -> 0 | J20: =H20-I20 -> 0 | K20: =E20-J20 -> 0
B21: =IF(K20>0,D21/($F$7)+$B$11,0) -> 0 | C21: =IF(K20>0,D21/($F$7),0) -> 0 | D21: =IF(K20>0,D20+1,0) -> 0 | E21: =K20 -> 0 | F21: =IF(K20<=H20,E21+I21,F20) -> 0 | G21: 0 | H21: =F21+G21 -> 0 | I21: =E21*($F$5/$F$7) -> 0 | J21: =H21-I21 -> 0 | K21: =E21-J21 -> 0
B22: =IF(K21>0,D22/($F$7)+$B$11,0) -> 0 | C22: =IF(K21>0,D22/($F$7),0) -> 0 | D22: =IF(K21>0,D21+1,0) -> 0 | E22: =K21 -> 0 | F22: =IF(K21<=H21,E22+I22,F21) -> 0 | G22: 0 | H22: =F22+G22 -> 0 | I22: =E22*($F$5/$F$7) -> 0 | J22: =H22-I22 -> 0 | K22: =E22-J22 -> 0
B23: =IF(K22>0,D23/($F$7)+$B$11,0) -> 0 | C23: =IF(K22>0,D23/($F$7),0) -> 0 | D23: =IF(K22>0,D22+1,0) -> 0 | E23: =K22 -> 0 | F23: =IF(K22<=H22,E23+I23,F22) -> 0 | G23: 0 | H23: =F23+G23 -> 0 | I23: =E23*($F$5/$F$7) -> 0 | J23: =H23-I23 -> 0 | K23: =E23-J23 -> 0
... B790: =IF(K789>0,D790/($F$7)+$B$11,0) -> 0 | C790: =IF(K789>0,D790/($F$7),0) -> 0 | D790: =IF(K789>0,D789+1,0) -> 0 | E790: =K789 -> 0 | F790: =IF(K789<=H789,E790+I790,F789) -> 0 | G790: 0 | H790: =F790+G790 -> 0 | I790: =E790*($F$5/$F$7) -> 0 | J790: =H790-I790 -> 0 | K790: =E790-J790 -> 0

Sheet Auto Loan Forcast
B3: Auto Loan
E4: PURCHASE PRICE: | F4: ='Income Forecast'!F21 -> 0
E5: INTEREST: | F5: ='Income Forecast'!H21 -> 0.05
B6: Year Ended: | C6: Years: | D6: Periods: | E6: PAYMENT: | F6: ='Income Forecast'!I21 -> 0 | H6: Total Paid: | I6: Total Int: | J6: Total Prin:
B7: =MAX(B11:B790) -> 2020 | C7: =MAX(C11:C790) -> 0.083333333 | D7: =MAX(D11:D790) -> 1 | E7: PERIODS (PER YR): | F7: ='Income Forecast'!C25 -> 12 | H7: =SUM(H11:H790) -> 0 | I7: =SUM(I11:I790) -> 0 | J7: =SUM(J11:J790) -> 0
B10: YEAR: | C10: Time: | D10: PERIOD: | E10: BEGIN BAL: | F10: PMT: | G10: ADD PMT: | H10: TOTAL PMT: | I10: INTEREST: | J10: PRINCIPLE: | K10: END BAL:
B11: 2020 | C11: =D11/($F$7) -> 0.083333333 | D11: 1 | E11: =F4 -> 0 | F11: =$F$6 -> 0 | G11: 0 | H11: =F11+G11 -> 0 | I11: =E11*($F$5/$F$7) -> 0 | J11: =H11-I11 -> 0 | K11: =E11-J11 -> 0
B12: =IF(K11>0,D12/($F$7)+$B$11,0) -> 0 | C12: =IF(K11>0,D12/($F$7),0) -> 0 | D12: =IF(K11>0,D11+1,0) -> 0 | E12: =K11 -> 0 | F12: =IF(K11<=H11,E12+I12,F11) -> 0 | G12: 0 | H12: =F12+G12 -> 0 | I12: =E12*($F$5/$F$7) -> 0 | J12: =H12-I12 -> 0 | K12: =E12-J12 -> 0
B13: =IF(K12>0,D13/($F$7)+$B$11,0) -> 0 | C13: =IF(K12>0,D13/($F$7),0) -> 0 | D13: =IF(K12>0,D12+1,0) -> 0 | E13: =K12 -> 0 | F13: =IF(K12<=H12,E13+I13,F12) -> 0 | G13: 0 | H13: =F13+G13 -> 0 | I13: =E13*($F$5/$F$7) -> 0 | J13: =H13-I13 -> 0 | K13: =E13-J13 -> 0
B14: =IF(K13>0,D14/($F$7)+$B$11,0) -> 0 | C14: =IF(K13>0,D14/($F$7),0) -> 0 | D14: =IF(K13>0,D13+1,0) -> 0 | E14: =K13 -> 0 | F14: =IF(K13<=H13,E14+I14,F13) -> 0 | G14: 0 | H14: =F14+G14 -> 0 | I14: =E14*($F$5/$F$7) -> 0 | J14: =H14-I14 -> 0 | K14: =E14-J14 -> 0
B15: =IF(K14>0,D15/($F$7)+$B$11,0) -> 0 | C15: =IF(K14>0,D15/($F$7),0) -> 0 | D15: =IF(K14>0,D14+1,0) -> 0 | E15: =K14 -> 0 | F15: =IF(K14<=H14,E15+I15,F14) -> 0 | G15: 0 | H15: =F15+G15 -> 0 | I15: =E15*($F$5/$F$7) -> 0 | J15: =H15-I15 -> 0 | K15: =E15-J15 -> 0
B16: =IF(K15>0,D16/($F$7)+$B$11,0) -> 0 | C16: =IF(K15>0,D16/($F$7),0) -> 0 | D16: =IF(K15>0,D15+1,0) -> 0 | E16: =K15 -> 0 | F16: =IF(K15<=H15,E16+I16,F15) -> 0 | G16: 0 | H16: =F16+G16 -> 0 | I16: =E16*($F$5/$F$7) -> 0 | J16: =H16-I16 -> 0 | K16: =E16-J16 -> 0
B17: =IF(K16>0,D17/($F$7)+$B$11,0) -> 0 | C17: =IF(K16>0,D17/($F$7),0) -> 0 | D17: =IF(K16>0,D16+1,0) -> 0 | E17: =K16 -> 0 | F17: =IF(K16<=H16,E17+I17,F16) -> 0 | G17: 0 | H17: =F17+G17 -> 0 | I17: =E17*($F$5/$F$7) -> 0 | J17: =H17-I17 -> 0 | K17: =E17-J17 -> 0
B18: =IF(K17>0,D18/($F$7)+$B$11,0) -> 0 | C18: =IF(K17>0,D18/($F$7),0) -> 0 | D18: =IF(K17>0,D17+1,0) -> 0 | E18: =K17 -> 0 | F18: =IF(K17<=H17,E18+I18,F17) -> 0 | G18: 0 | H18: =F18+G18 -> 0 | I18: =E18*($F$5/$F$7) -> 0 | J18: =H18-I18 -> 0 | K18: =E18-J18 -> 0
B19: =IF(K18>0,D19/($F$7)+$B$11,0) -> 0 | C19: =IF(K18>0,D19/($F$7),0) -> 0 | D19: =IF(K18>0,D18+1,0) -> 0 | E19: =K18 -> 0 | F19: =IF(K18<=H18,E19+I19,F18) -> 0 | G19: 0 | H19: =F19+G19 -> 0 | I19: =E19*($F$5/$F$7) -> 0 | J19: =H19-I19 -> 0 | K19: =E19-J19 -> 0
B20: =IF(K19>0,D20/($F$7)+$B$11,0) -> 0 | C20: =IF(K19>0,D20/($F$7),0) -> 0 | D20: =IF(K19>0,D19+1,0) -> 0 | E20: =K19 -> 0 | F20: =IF(K19<=H19,E20+I20,F19) -> 0 | G20: 0 | H20: =F20+G20 -> 0 | I20: =E20*($F$5/$F$7) -> 0 | J20: =H20-I20 -> 0 | K20: =E20-J20 -> 0
B21: =IF(K20>0,D21/($F$7)+$B$11,0) -> 0 | C21: =IF(K20>0,D21/($F$7),0) -> 0 | D21: =IF(K20>0,D20+1,0) -> 0 | E21: =K20 -> 0 | F21: =IF(K20<=H20,E21+I21,F20) -> 0 | G21: 0 | H21: =F21+G21 -> 0 | I21: =E21*($F$5/$F$7) -> 0 | J21: =H21-I21 -> 0 | K21: =E21-J21 -> 0
B22: =IF(K21>0,D22/($F$7)+$B$11,0) -> 0 | C22: =IF(K21>0,D22/($F$7),0) -> 0 | D22: =IF(K21>0,D21+1,0) -> 0 | E22: =K21 -> 0 | F22: =IF(K21<=H21,E22+I22,F21) -> 0 | G22: 0 | H22: =F22+G22 -> 0 | I22: =E22*($F$5/$F$7) -> 0 | J22: =H22-I22 -> 0 | K22: =E22-J22 -> 0
B23: =IF(K22>0,D23/($F$7)+$B$11,0) -> 0 | C23: =IF(K22>0,D23/($F$7),0) -> 0 | D23: =IF(K22>0,D22+1,0) -> 0 | E23: =K22 -> 0 | F23: =IF(K22<=H22,E23+I23,F22) -> 0 | G23: 0 | H23: =F23+G23 -> 0 | I23: =E23*($F$5/$F$7) -> 0 | J23: =H23-I23 -> 0 | K23: =E23-J23 -> 0
... B790: =IF(K789>0,D790/($F$7)+$B$11,0) -> 0 | C790: =IF(K789>0,D790/($F$7),0) -> 0 | D790: =IF(K789>0,D789+1,0) -> 0 | E790: =K789 -> 0 | F790: =IF(K789<=H789,E790+I790,F789) -> 0 | G790: 0 | H790: =F790+G790 -> 0 | I790: =E790*($F$5/$F$7) -> 0 | J790: =H790-I790 -> 0 | K790: =E790-J790 -> 0

Sheet Lists
A2: MISC Expense Duration: | B2: Duration: | C2: Current Year: | D2: Residency Attendance: | E2: Periods: | F2: Name: | G2: Years of Residency:
A4: 1 | B4: NA | C4: 1965 | D4: Yes | E4: 1 | F4: (Yearly) | G4: 0
A5: 2 | B5: 1 | C5: 1966 | D5: No | E5: 2 | F5: (Semiannual) | G5: 1
A6: 3 | B6: 2 | C6: 1967 | E6: 6 | F6: (Bimonthly) | G6: 2
A7: 4 | B7: 3 | C7: 1968 | E7: 12 | F7: (Monthly) | G7: 3
A8: 5 | B8: 4 | C8: 1969 | E8: 24 | F8: (Semimonthly) | G8: 4
A9: 6 | B9: 5 | C9: 1970 | E9: 26 | F9: (Biweekly) | G9: 5
A10: 7 | B10: 6 | C10: 1971 | G10: 6
A11: 8 | B11: 7 | C11: 1972 | G11: 7
A12: 9 | B12: 8 | C12: 1973 | G12: 8
A13: 10 | B13: 9 | C13: 1974 | G13: 9
A14: 11 | B14: 10 | C14: 1975 | G14: 10
A15: 12 | B15: 11 | C15: 1976
A16: 13 | B16: 12 | C16: 1977
A17: 14 | B17: 13 | C17: 1978
A18: 15 | B18: 14 | C18: 1979
A19: 16 | B19: 15 | C19: 1980
A20: 17 | B20: 16 | C20: 1981
A21: 18 | B21: 17 | C21: 1982
A22: 19 | B22: 18 | C22: 1983
A23: 20 | B23: 19 | C23: 1984
A24: 21 | B24: 20 | C24: 1985
A25: 22 | B25: 21 | C25: 1986
A26: 23 | B26: 22 | C26: 1987
... A34: 31 | B34: 30 | C34: 1995
A35: 32 | C35: 1996
A36: 33 | C36: 1997
A37: 34 | C37: 1998
A38: 35 | C38: 1999
A39: 36 | C39: 2000
A40: 37 | C40: 2001
A41: 38 | C41: 2002
A42: 39 | C42: 2003
A43: 40 | C43: 2004
C44: 2005
C45: 2006
C46: 2007
C47: 2008
C48: 2009
C49: 2010
C50: 2011
C51: 2012
C52: 2013
C53: 2014
C54: 2015
C55: 2016
... C78: 2039
